Workbook
Name Budget_Chosen: Data!$H$73
Name Budget_Factor: Data!$E$74
Name Budget_NoStd: Data!$J$73
Name Budget_Pii: Data!$E$73
Name deltaId: Data!$T$7
Name deltaId_Budget: Data!$T$80
Name DivisorA: Data!$BR$5
Name DivisorB: Data!$BR$6
Name dTF_Minus: Data!$BI$23
Name dTF_Plus: Data!$BH$23
Name Faktor: Data!$O$32
Name FaktorA: Data!$BR$4
Name Func_Mean_Divisor: Data!$BF$4
Name Grand_Total_Var: Data!$K$163
Name GrandTotal: Data!$E$68
Name GrandTotal_Costs: Data!$E$63
Name GrandTotal_Income: Data!$E$59
Name GrandTotal_Priority: Data!$K$68
Name GrandTotal_StDev: Data!$J$68
Name GruppeStr: Data!$BR$3
Name GU_Sum_Costs: Data!$BA$5
Name GU_Sum_Income: Data!$BA$6
Name Mean_GUs: Data!$H$23
Name Mean_Tasks: Data!$H$53
Name Project_Uncertainty: CurveData!$L$10
Name Project_UncertaintyShare_GeneralUncert: Data!$L$23
Name Project_UncertaintyShare_Tasks: Data!$L$52
Name Task_Sum_Costs: Data!$BB$25
Name Task_Sum_Income: Data!$BB$26
Name TF_Total: Data!$I$23
Name Units: Data!$E$25
Name Var_Sum_GeneralUncert: Data!$K$23
Name Var_Sum_Tasks: Data!$K$52

Sheet FS
A1: SUCCESSIV PRINCIPPET: ROBUSTE BUDGETTER & PLANER - Der holder | L1: =Data!$A$2 -> Rev. 2024-11-19a
B48: www.lichtenberg.org | H48: COMPILOT.dk

Sheet Data
A1: SUCCESSIV PRINCIPPET: ROBUSTE BUDGETTER & PLANER - Der holder! | N1: QA Test: 2023-09-04 | Q1: Hide | R1: Hide | S1: Hide | T1: Hide | U1: Hide | V1: Hide | W1: Hide | X1: Hide | Y1: Hide | Z1: Hide | AA1: Hide | AB1: Hide | AC1: Hide | AD1: Hide | AE1: Hide | AF1: Hide | AG1: Hide | AH1: Hide | AI1: Hide | AJ1: Hide | AK1: Hide | AL1: Hide | AM1: Hide | AN1: Hide | AO1: Hide | AP1: Hide | AQ1: Hide | AR1: Hide | AS1: Hide | AT1: Hide | AU1: Hide | AV1: Hide | AW1: Hide | AX1: Hide | AY1: Hide | AZ1: Hide | BA1: Hide | BB1: Hide | BC1: Hide | BD1: Hide | BE1: Hide | BF1: Hide | BG1: Hide | BH1: Hide | BI1: Hide | BJ1: Hide | BK1: Hide | BL1: Hide | BM1: Hide | BN1: Hide | BO1: Hide
A2: Rev. 2024-11-19a | N2: Forfatter: COMPILOT.dk | BJ2: 1:100 | BK2: HandP125 | BO2: Indeks
O3: =+$L$10 -> P % | P3: GU | BJ3: 3 | BK3: 2.9 | BO3: 2 | BQ3: Analysis Group | BR3: 1:100
A4: USIKKERHEDSANALYSE: | D4: Byggeprojekt - Idé oplæg. | O4: Grænser | P4: Kode | BA4: =+C10 -> Generelle Usikkerheder | BJ4: 5 | BK4: 4.9 | BO4: 3 | BQ4: Faktor A | BR4: =+HLOOKUP(GruppeStr,$BJ$2:$BM$5,$BO3,FALSE) -> 3
A5: Tidlig kvalitetssikring af usikkerheder: Risici og muligheder | O5: 0.3 | P5: xx,x% | AZ5: Costs: | BA5: =+SUMIFS($H$11:$H$22,$H$11:$H$22,"<0") -> -4 | BJ5: 5 | BK5: 4.65 | BO5: 4 | BQ5: Divisor A | BR5: =+HLOOKUP(GruppeStr,$BJ$2:$BM$5,$BO4,FALSE) -> 5
E6: =F24 -> Projekt-usikkerhed= | F6: =Project_Uncertainty -> 0.12545926 | O6: 0.1 | P6: xx,x% | R6: =+SUM(R11:R50) -> 577 | U6: =+SUM(U11:U50) -> 561 | AL6: FINDING VALUES | AZ6: Income: | BA6: =+SUMIFS($H$11:$H$22,$H$11:$H$22,">0") -> 124.5 | BQ6: Divisor B | BR6: =+HLOOKUP(GruppeStr,$BJ$2:$BM$5,$BO5,FALSE) -> 5
O7: 0.05 | P7: xx,x% | S7: DeltaId: | T7: 1e-07 | X7: Tornado Diagram Data | AE7: =$X$7 -> Tornado Diagram Data | AM7: =$X$8 -> % estimated Min/ML/Max
A8: Indtast værdier og tekst i de grønne felter. | D8: =D68 -> 351.05303 | E8: =E68 -> 503.39029 | F8: =F68 -> 655.72756 | H8: =$H$68 -> 0.12104903 | I8: =$J$68 -> 60.934906 | R8: Sorting out the Top Ten contributions to Uncertainty | X8: % estimated Min/ML/Max | AD8: % Share | AF8: Un-sorted | AL8: =+$AD$8 -> % Share | AN8: Sorted
E9: (Røde tal er besparelser) | N9: Hvad kan influere på varighed/omkostning/tid? | U9: 1 | V9: =+U9+1 -> 2 | W9: =+V9+1 -> 3 | X9: =+W9+1 -> 4 | Y9: =+X9+1 -> 5 | Z9: =+Y9+1 -> 6 | AA9: =+Z9+1 -> 7 | AB9: =+AA9+1 -> 8 | AC9: =+AB9+1 -> 9 | ... AF9: =+AE9+1 -> 12 | AJ9: Found | AP9: Found | AY9: https://www.youtube.com/watch?v=lVvQOdPr97E
A10: Ref. | B10: Incl. | C10: Generelle Usikkerheder | D10: Min | E10: M.S. | F10: Max | H10: Middel | I10: Std | J10: Kriticality | K10: Var | L10: =+L26 -> P % | N10: Noter. | O10: Skævhed | Q10: SumInput | R10: No. | S10: Local No. | T10: =+L10 -> P % | U10: Rank | V10: =+L10 -> P % | W10: =+$D$26 -> Min | X10: =+$E$26 -> M.S. | Y10: =+$F$26 -> Max | Z10: Type | AA10: Text | AD10: =+$D$26 -> Min | AE10: =+$H$26 -> Middel | AF10: =+$F$26 -> Max | AG10: =+$L$10 -> P % | AH10: Check | AJ10: Value | AL10: =+$D$26 -> Min | AM10: =+$H$26 -> Middel | AN10: =+$F$26 -> Max | AP10: Text | AR10: =+L10 -> P % | AS10: =+$D$26 -> Min | AT10: =+$F$26 -> Max | AU10: =+$E$26 -> M.S. | AW10: =+$D$26 -> Min | AX10: =+$E$26 -> M.S. | AY10: =+$F$26 -> Max | BA10: Co/In | BB10: =+$D$26 -> Min | BC10: =+$E$26 -> M.S. | BD10: =+$F$26 -> Max | BE10: =+$H$26 -> Middel | BF10: S(0) | BG10: S(%) | BH10: dTF+ | BI10: dTF-
A11: A | B11: 1 | C11: Kontraktstrategi | D11: -35 | E11: 10 | F11: 75 | H11: =$B11*(D11+FaktorA*E11+F11)/DivisorA -> 14 | I11: =+$B11*(F11-D11)/DivisorB -> 22 | J11: 1 | K11: =+I11*I11*J11 -> 484 | L11: =+(IF(GrandTotal_Priority<>0,K11/GrandTotal_Priority,0)) -> 0.13035061 | N11: Valg af entrepriseform m.v. | O11: =+(ABS(BD11-BC11)-ABS(BC11-BB11)) -> 0.06542991 | Q11: 1 | R11: =+SUM(INDIRECT("q10:q"&ROW()-0)) -> 1 | S11: =+SUM(INDIRECT("q10:q"&ROW()-0)) -> 1 | T11: =+L11+R11*deltaId -> 0.13035071 | U11: =+RANK(T11,T$11:T$52) -> 2 | V11: =+L11 -> 0.13035061 | W11: =+BB11 -> 0.88549766 | X11: =+BC11 -> 1.032715 | Y11: =+BD11 -> 1.2453622 | Z11: =+$BC$11 -> 1.032715 | AA11: =+CONCATENATE($P$3,"(",A11,"): ",$C11) -> GU(A): Kontraktstrategi | AD11: =+$AE11-(1/2)*$K11/GrandTotal_Priority -> 0.93482469 | AE11: 1 | AF11: =+$AE11+(1/2)*$K11/GrandTotal_Priority -> 1.0651753 | AG11: =+AF11-AD11 -> 0.13035061 | AH11: =+AG11-L11 -> 0 | AJ11: =+VLOOKUP($R11,$U$11:$AA$52,$V$9,FALSE) -> 0.21114644 | AL11: =+VLOOKUP($R11,$U$11:$AF$52,AD$9,FALSE) -> 0.89442678 | AM11: =+VLOOKUP($R11,$U$11:$AF$52,AE$9,FALSE) -> 1 | AN11: =+VLOOKUP($R11,$U$11:$AF$52,AF$9,FALSE) -> 1.1055732 | AP11: =+CONCATENATE("#",R11,": ",VLOOKUP($R11,$U$11:$AA$52,$AA$9,FALSE),", P= ",ROUND(AR11*100,1),"%") -> #1: GU(C): Kompet. & Erfa. niveau, P= 21,1% | AR11: =+VLOOKUP($R11,$U$11:$AA$52,$V$9,FALSE) -> 0.21114644 | AS11: =+VLOOKUP($R11,$U$11:$AA$52,$W$9,FALSE) -> 0.83642522 | AT11: =+VLOOKUP($R11,$U$11:$AA$52,$Y$9,FALSE) -> 1.2944346 | AU11: =+VLOOKUP($R11,$U$11:$AA$52,$X$9,FALSE) -> 1.032715 | AW11: =+IF(OR($AS11<>0,$AT11<>0,$AU11<>0),$AS11,100%) -> 0.83642522 | AX11: =+IF(OR($AS11<>0,$AT11<>0,$AU11<>0),$AU11,100%) -> 1.032715 | AY11: =+IF(OR($AS11<>0,$AT11<>0,$AU11<>0),$AT11,100%) -> 1.2944346 | BA11: =+IF($H11<0,$BB$25,$BB$26) -> 305.6706 | BB11: =+(100%+IFERROR($B11*D11/$BA11,0%)) -> 0.88549766 | BC11: =+(100%+IFERROR($B11*E11/$BA11,0%)) -> 1.032715 | BD11: =+(100%+IFERROR($B11*F11/$BA11,0%)) -> 1.2453622 | BE11: =+(BB11+FaktorA*BC11+BD11)/DivisorA -> 1.0458009 | BF11: =+(BD11-BB11)/DivisorB -> 0.071972902 | BG11: =+IFERROR($I11/$H11,0) -> 1.5714286 | BH11: =+IF($H11>0,$BE11-100%,0%) -> 0.045800937 | BI11: =+IF($H11<=0,$BE11-100%,0%) -> 0
A12: B | B12: 1 | C12: Grænseflader | D12: -25 | E12: 0 | F12: 50 | H12: =$B12*(D12+FaktorA*E12+F12)/DivisorA -> 5 | I12: =+$B12*(F12-D12)/DivisorB -> 15 | J12: 1 | K12: =+I12*I12*J12 -> 225 | L12: =+(IF(GrandTotal_Priority<>0,K12/GrandTotal_Priority,0)) -> 0.060596875 | N12: Juridiske, forretningsmæssige og fysiske | O12: =+(ABS(BD12-BC12)-ABS(BC12-BB12)) -> 0.081787388 | Q12: 1 | R12: =+SUM(INDIRECT("q10:q"&ROW()-0)) -> 2 | S12: =+SUM(INDIRECT("q10:q"&ROW()-0)) -> 2 | T12: =+L12+R12*deltaId -> 0.060597075 | U12: =+RANK(T12,T$11:T$52) -> 8 | V12: =+L12 -> 0.060596875 | W12: =+BB12 -> 0.91821261 | X12: =+BC12 -> 1 | Y12: =+BD12 -> 1.1635748 | Z12: =+$BC$11 -> 1.032715 | AA12: =+CONCATENATE($P$3,"(",A12,"): ",$C12) -> GU(B): Grænseflader | AD12: =+$AE12-(1/2)*$K12/GrandTotal_Priority -> 0.96970156 | AE12: 1 | AF12: =+$AE12+(1/2)*$K12/GrandTotal_Priority -> 1.0302984 | AG12: =+AF12-AD12 -> 0.060596875 | AH12: =+AG12-L12 -> -1.110223e-16 | AJ12: =+VLOOKUP($R12,$U$11:$AA$52,$V$9,FALSE) -> 0.13035061 | AL12: =+VLOOKUP($R12,$U$11:$AF$52,AD$9,FALSE) -> 0.93482469 | AM12: =+VLOOKUP($R12,$U$11:$AF$52,AE$9,FALSE) -> 1 | AN12: =+VLOOKUP($R12,$U$11:$AF$52,AF$9,FALSE) -> 1.0651753 | AP12: =+CONCATENATE("#",R12,": ",VLOOKUP($R12,$U$11:$AA$52,$AA$9,FALSE),", P= ",ROUND(AR12*100,1),"%") -> #2: GU(A): Kontraktstrategi, P= 13% | AR12: =+VLOOKUP($R12,$U$11:$AA$52,$V$9,FALSE) -> 0.13035061 | AS12: =+VLOOKUP($R12,$U$11:$AA$52,$W$9,FALSE) -> 0.88549766 | AT12: =+VLOOKUP($R12,$U$11:$AA$52,$Y$9,FALSE) -> 1.2453622 | AU12: =+VLOOKUP($R12,$U$11:$AA$52,$X$9,FALSE) -> 1.032715 | AW12: =+IF(OR($AS12<>0,$AT12<>0,$AU12<>0),$AS12,100%) -> 0.88549766 | AX12: =+IF(OR($AS12<>0,$AT12<>0,$AU12<>0),$AU12,100%) -> 1.032715 | AY12: =+IF(OR($AS12<>0,$AT12<>0,$AU12<>0),$AT12,100%) -> 1.2453622 | BA12: =+IF($H12<0,$BB$25,$BB$26) -> 305.6706 | BB12: =+(100%+IFERROR($B12*D12/$BA12,0%)) -> 0.91821261 | BC12: =+(100%+IFERROR($B12*E12/$BA12,0%)) -> 1 | BD12: =+(100%+IFERROR($B12*F12/$BA12,0%)) -> 1.1635748 | BE12: =+(BB12+FaktorA*BC12+BD12)/DivisorA+IF(ABS(D12)+ABS(E12)+ABS(F12)=0,0%,0) -> 1.0163575 | BF12: =+(D12+FaktorA*E12+F12)/DivisorA -> 5 | BG12: =+IFERROR(BF12/$BF$23,0) -> 0.04691665 | BH12: =+IF($H12>0,$BE12-100%,0%) -> 0.016357478 | BI12: =+IF($H12<=0,$BE12-100%,0%) -> 0
A13: C | B13: 1 | C13: Kompet. & Erfa. niveau | D13: -50 | E13: 10 | F13: 90 | H13: =$B13*(D13+FaktorA*E13+F13)/DivisorA -> 14 | I13: =+$B13*(F13-D13)/DivisorB -> 28 | J13: 1 | K13: =+I13*I13*J13 -> 784 | L13: =+(IF(GrandTotal_Priority<>0,K13/GrandTotal_Priority,0)) -> 0.21114644 | N13: For alle involverede partnere. | O13: =+(ABS(BD13-BC13)-ABS(BC13-BB13)) -> 0.06542991 | Q13: 1 | R13: =+SUM(INDIRECT("q10:q"&ROW()-0)) -> 3 | S13: =+SUM(INDIRECT("q10:q"&ROW()-0)) -> 3 | T13: =+L13+R13*deltaId -> 0.21114674 | U13: =+RANK(T13,T$11:T$52) -> 1 | V13: =+L13 -> 0.21114644 | W13: =+BB13 -> 0.83642522 | X13: =+BC13 -> 1.032715 | Y13: =+BD13 -> 1.2944346 | Z13: =+$BC$11 -> 1.032715 | AA13: =+CONCATENATE($P$3,"(",A13,"): ",$C13) -> GU(C): Kompet. & Erfa. niveau | AD13: =+$AE13-(1/2)*$K13/GrandTotal_Priority -> 0.89442678 | AE13: 1 | AF13: =+$AE13+(1/2)*$K13/GrandTotal_Priority -> 1.1055732 | AG13: =+AF13-AD13 -> 0.21114644 | AH13: =+AG13-L13 -> 0 | AJ13: =+VLOOKUP($R13,$U$11:$AA$52,$V$9,FALSE) -> 0.10772778 | AL13: =+VLOOKUP($R13,$U$11:$AF$52,AD$9,FALSE) -> 0.94613611 | AM13: =+VLOOKUP($R13,$U$11:$AF$52,AE$9,FALSE) -> 1 | AN13: =+VLOOKUP($R13,$U$11:$AF$52,AF$9,FALSE) -> 1.0538639 | AP13: =+CONCATENATE("#",R13,": ",VLOOKUP($R13,$U$11:$AA$52,$AA$9,FALSE),", P= ",ROUND(AR13*100,1),"%") -> #3: GU(H): Krav- og kvalitets-styring, P= 10,8% | AR13: =+VLOOKUP($R13,$U$11:$AA$52,$V$9,FALSE) -> 0.10772778 | AS13: =+VLOOKUP($R13,$U$11:$AA$52,$W$9,FALSE) -> 0.91821261 | AT13: =+VLOOKUP($R13,$U$11:$AA$52,$Y$9,FALSE) -> 1.2453622 | AU13: =+VLOOKUP($R13,$U$11:$AA$52,$X$9,FALSE) -> 1.0490724 | AW13: =+IF(OR($AS13<>0,$AT13<>0,$AU13<>0),$AS13,100%) -> 0.91821261 | AX13: =+IF(OR($AS13<>0,$AT13<>0,$AU13<>0),$AU13,100%) -> 1.0490724 | AY13: =+IF(OR($AS13<>0,$AT13<>0,$AU13<>0),$AT13,100%) -> 1.2453622 | BA13: =+IF($H13<0,$BB$25,$BB$26) -> 305.6706 | BB13: =+(100%+IFERROR($B13*D13/$BA13,0%)) -> 0.83642522 | BC13: =+(100%+IFERROR($B13*E13/$BA13,0%)) -> 1.032715 | BD13: =+(100%+IFERROR($B13*F13/$BA13,0%)) -> 1.2944346 | BE13: =+(BB13+FaktorA*BC13+BD13)/DivisorA+IF(ABS(D13)+ABS(E13)+ABS(F13)=0,0%,0) -> 1.0458009 | BF13: =+(D13+FaktorA*E13+F13)/DivisorA -> 14 | BG13: =+IFERROR(BF13/$BF$23,0) -> 0.13136662 | BH13: =+IF($H13>0,$BE13-100%,0%) -> 0.045800937 | BI13: =+IF($H13<=0,$BE13-100%,0%) -> 0
A14: D | B14: 1 | C14: Bygherrens org. | D14: -5 | E14: 10 | F14: 17.5 | H14: =$B14*(D14+FaktorA*E14+F14)/DivisorA -> 8.5 | I14: =+$B14*(F14-D14)/DivisorB -> 4.5 | J14: 1 | K14: =+I14*I14*J14 -> 20.25 | L14: =+(IF(GrandTotal_Priority<>0,K14/GrandTotal_Priority,0)) -> 0.0054537187 | N14: Antal folk og modenhed. | O14: =+(ABS(BD14-BC14)-ABS(BC14-BB14)) -> -0.024536216 | Q14: 1 | R14: =+SUM(INDIRECT("q10:q"&ROW()-0)) -> 4 | S14: =+SUM(INDIRECT("q10:q"&ROW()-0)) -> 4 | T14: =+L14+R14*deltaId -> 0.0054541187 | U14: =+RANK(T14,T$11:T$52) -> 20 | V14: =+L14 -> 0.0054537187 | W14: =+BB14 -> 0.98364252 | X14: =+BC14 -> 1.032715 | Y14: =+BD14 -> 1.0572512 | Z14: =+$BC$11 -> 1.032715 | AA14: =+CONCATENATE($P$3,"(",A14,"): ",$C14) -> GU(D): Bygherrens org. | AD14: =+$AE14-(1/2)*$K14/GrandTotal_Priority -> 0.99727314 | AE14: 1 | AF14: =+$AE14+(1/2)*$K14/GrandTotal_Priority -> 1.0027269 | AG14: =+AF14-AD14 -> 0.0054537187 | AH14: =+AG14-L14 -> 5.1174343e-17 | AJ14: =+VLOOKUP($R14,$U$11:$AA$52,$V$9,FALSE) -> 0.10772778 | AL14: =+VLOOKUP($R14,$U$11:$AF$52,AD$9,FALSE) -> 0.94613611 | AM14: =+VLOOKUP($R14,$U$11:$AF$52,AE$9,FALSE) -> 1 | AN14: =+VLOOKUP($R14,$U$11:$AF$52,AF$9,FALSE) -> 1.0538639 | AP14: =+CONCATENATE("#",R14,": ",VLOOKUP($R14,$U$11:$AA$52,$AA$9,FALSE),", P= ",ROUND(AR14*100,1),"%") -> #4: GU(F): Eksterne forhold, P= 10,8% | AR14: =+VLOOKUP($R14,$U$11:$AA$52,$V$9,FALSE) -> 0.10772778 | AS14: =+VLOOKUP($R14,$U$11:$AA$52,$W$9,FALSE) -> 0.91821261 | AT14: =+VLOOKUP($R14,$U$11:$AA$52,$Y$9,FALSE) -> 1.2453622 | AU14: =+VLOOKUP($R14,$U$11:$AA$52,$X$9,FALSE) -> 1.032715 | AW14: =+IF(OR($AS14<>0,$AT14<>0,$AU14<>0),$AS14,100%) -> 0.91821261 | AX14: =+IF(OR($AS14<>0,$AT14<>0,$AU14<>0),$AU14,100%) -> 1.032715 | AY14: =+IF(OR($AS14<>0,$AT14<>0,$AU14<>0),$AT14,100%) -> 1.2453622 | BA14: =+IF($H14<0,$BB$25,$BB$26) -> 305.6706 | BB14: =+(100%+IFERROR($B14*D14/$BA14,0%)) -> 0.98364252 | BC14: =+(100%+IFERROR($B14*E14/$BA14,0%)) -> 1.032715 | BD14: =+(100%+IFERROR($B14*F14/$BA14,0%)) -> 1.0572512 | BE14: =+(BB14+FaktorA*BC14+BD14)/DivisorA+IF(ABS(D14)+ABS(E14)+ABS(F14)=0,0%,0) -> 1.0278077 | BF14: =+(D14+FaktorA*E14+F14)/DivisorA -> 8.5 | BG14: =+IFERROR(BF14/$BF$23,0) -> 0.079758306 | BH14: =+IF($H14>0,$BE14-100%,0%) -> 0.027807712 | BI14: =+IF($H14<=0,$BE14-100%,0%) -> 0
A15: E | B15: 1 | C15: Projekt Org. | D15: -15 | E15: -5 | F15: 10 | H15: =$B15*(D15+FaktorA*E15+F15)/DivisorA -> -4 | I15: =+$B15*(F15-D15)/DivisorB -> 5 | J15: 1 | K15: =+I15*I15*J15 -> 25 | L15: =+(IF(GrandTotal_Priority<>0,K15/GrandTotal_Priority,0)) -> 0.0067329861 | N15: For alle involverede partnere. | O15: =+(ABS(BD15-BC15)-ABS(BC15-BB15)) -> 0 | Q15: 1 | R15: =+SUM(INDIRECT("q10:q"&ROW()-0)) -> 5 | S15: =+SUM(INDIRECT("q10:q"&ROW()-0)) -> 5 | T15: =+L15+R15*deltaId -> 0.0067334861 | U15: =+RANK(T15,T$11:T$52) -> 19 | V15: =+L15 -> 0.0067329861 | W15: =+BB15 -> 1 | X15: =+BC15 -> 1 | Y15: =+BD15 -> 1 | Z15: =+$BC$11 -> 1.032715 | AA15: =+CONCATENATE($P$3,"(",A15,"): ",$C15) -> GU(E): Projekt Org. | AD15: =+$AE15-(1/2)*$K15/GrandTotal_Priority -> 0.99663351 | AE15: 1 | AF15: =+$AE15+(1/2)*$K15/GrandTotal_Priority -> 1.0033665 | AG15: =+AF15-AD15 -> 0.0067329861 | AH15: =+AG15-L15 -> -1.3010426e-17 | AJ15: =+VLOOKUP($R15,$U$11:$AA$52,$V$9,FALSE) -> 0.087259499 | AL15: =+VLOOKUP($R15,$U$11:$AF$52,AD$9,FALSE) -> 0.95637025 | AM15: =+VLOOKUP($R15,$U$11:$AF$52,AE$9,FALSE) -> 1 | AN15: =+VLOOKUP($R15,$U$11:$AF$52,AF$9,FALSE) -> 1.0436297 | AP15: =+CONCATENATE("#",R15,": ",VLOOKUP($R15,$U$11:$AA$52,$AA$9,FALSE),", P= ",ROUND(AR15*100,1),"%") -> #5: Opg15: Aptering, P= 8,7% | AR15: =+VLOOKUP($R15,$U$11:$AA$52,$V$9,FALSE) -> 0.087259499 | AS15: =+VLOOKUP($R15,$U$11:$AA$52,$W$9,FALSE) -> 0.20408163 | AT15: =+VLOOKUP($R15,$U$11:$AA$52,$Y$9,FALSE) -> 2.0408163 | AU15: =+VLOOKUP($R15,$U$11:$AA$52,$X$9,FALSE) -> 0.91836735 | AW15: =+IF(OR($AS15<>0,$AT15<>0,$AU15<>0),$AS15,100%) -> 0.20408163 | AX15: =+IF(OR($AS15<>0,$AT15<>0,$AU15<>0),$AU15,100%) -> 0.91836735 | AY15: =+IF(OR($AS15<>0,$AT15<>0,$AU15<>0),$AT15,100%) -> 2.0408163 | BA15: =+IF($H15<0,$BB$25,$BB$26) -> 0 | BB15: =+(100%+IFERROR($B15*D15/$BA15,0%)) -> 1 | BC15: =+(100%+IFERROR($B15*E15/$BA15,0%)) -> 1 | BD15: =+(100%+IFERROR($B15*F15/$BA15,0%)) -> 1 | BE15: =+(BB15+FaktorA*BC15+BD15)/DivisorA+IF(ABS(D15)+ABS(E15)+ABS(F15)=0,0%,0) -> 1 | BF15: =+(D15+FaktorA*E15+F15)/DivisorA -> -4 | BG15: =+IFERROR(BF15/$BF$23,0) -> -0.03753332 | BH15: =+IF($H15>0,$BE15-100%,0%) -> 0 | BI15: =+IF($H15<=0,$BE15-100%,0%) -> 0
A16: F | B16: 1 | C16: Eksterne forhold | D16: -25 | E16: 10 | F16: 75 | H16: =$B16*(D16+FaktorA*E16+F16)/DivisorA -> 16 | I16: =+$B16*(F16-D16)/DivisorB -> 20 | J16: 1 | K16: =+I16*I16*J16 -> 400 | L16: =+(IF(GrandTotal_Priority<>0,K16/GrandTotal_Priority,0)) -> 0.10772778 | O16: =+(ABS(BD16-BC16)-ABS(BC16-BB16)) -> 0.098144866 | Q16: 1 | R16: =+SUM(INDIRECT("q10:q"&ROW()-0)) -> 6 | S16: =+SUM(INDIRECT("q10:q"&ROW()-0)) -> 6 | T16: =+L16+R16*deltaId -> 0.10772838 | U16: =+RANK(T16,T$11:T$52) -> 4 | V16: =+L16 -> 0.10772778 | W16: =+BB16 -> 0.91821261 | X16: =+BC16 -> 1.032715 | Y16: =+BD16 -> 1.2453622 | Z16: =+$BC$11 -> 1.032715 | AA16: =+CONCATENATE($P$3,"(",A16,"): ",$C16) -> GU(F): Eksterne forhold | AD16: =+$AE16-(1/2)*$K16/GrandTotal_Priority -> 0.94613611 | AE16: 1 | AF16: =+$AE16+(1/2)*$K16/GrandTotal_Priority -> 1.0538639 | AG16: =+AF16-AD16 -> 0.10772778 | AH16: =+AG16-L16 -> 0 | AJ16: =+VLOOKUP($R16,$U$11:$AA$52,$V$9,FALSE) -> 0.060596875 | AL16: =+VLOOKUP($R16,$U$11:$AF$52,AD$9,FALSE) -> 0.96970156 | AM16: =+VLOOKUP($R16,$U$11:$AF$52,AE$9,FALSE) -> 1 | AN16: =+VLOOKUP($R16,$U$11:$AF$52,AF$9,FALSE) -> 1.0302984 | AP16: =+CONCATENATE("#",R16,": ",VLOOKUP($R16,$U$11:$AA$52,$AA$9,FALSE),", P= ",ROUND(AR16*100,1),"%") -> #6: Opg13: Råhus, P= 6,1% | AR16: =+VLOOKUP($R16,$U$11:$AA$52,$V$9,FALSE) -> 0.060596875 | AS16: =+VLOOKUP($R16,$U$11:$AA$52,$W$9,FALSE) -> 0.71428571 | AT16: =+VLOOKUP($R16,$U$11:$AA$52,$Y$9,FALSE) -> 1.4285714 | AU16: =+VLOOKUP($R16,$U$11:$AA$52,$X$9,FALSE) -> 0.95238095 | AW16: =+IF(OR($AS16<>0,$AT16<>0,$AU16<>0),$AS16,100%) -> 0.71428571 | AX16: =+IF(OR($AS16<>0,$AT16<>0,$AU16<>0),$AU16,100%) -> 0.95238095 | AY16: =+IF(OR($AS16<>0,$AT16<>0,$AU16<>0),$AT16,100%) -> 1.4285714 | BA16: =+IF($H16<0,$BB$25,$BB$26) -> 305.6706 | BB16: =+(100%+IFERROR($B16*D16/$BA16,0%)) -> 0.91821261 | BC16: =+(100%+IFERROR($B16*E16/$BA16,0%)) -> 1.032715 | BD16: =+(100%+IFERROR($B16*F16/$BA16,0%)) -> 1.2453622 | BE16: =+(BB16+FaktorA*BC16+BD16)/DivisorA+IF(ABS(D16)+ABS(E16)+ABS(F16)=0,0%,0) -> 1.0523439 | BF16: =+(D16+FaktorA*E16+F16)/DivisorA -> 16 | BG16: =+IFERROR(BF16/$BF$23,0) -> 0.15013328 | BH16: =+IF($H16>0,$BE16-100%,0%) -> 0.052343928 | BI16: =+IF($H16<=0,$BE16-100%,0%) -> 0
A17: G | B17: 1 | C17: Byggepris-indeks | D17: -10 | E17: 5 | F17: 25 | H17: =$B17*(D17+FaktorA*E17+F17)/DivisorA -> 6 | I17: =+$B17*(F17-D17)/DivisorB -> 7 | J17: 1 | K17: =+I17*I17*J17 -> 49 | L17: =+(IF(GrandTotal_Priority<>0,K17/GrandTotal_Priority,0)) -> 0.013196653 | N17: Konjunktur. | O17: =+(ABS(BD17-BC17)-ABS(BC17-BB17)) -> 0.016357478 | Q17: 1 | R17: =+SUM(INDIRECT("q10:q"&ROW()-0)) -> 7 | S17: =+SUM(INDIRECT("q10:q"&ROW()-0)) -> 7 | T17: =+L17+R17*deltaId -> 0.013197353 | U17: =+RANK(T17,T$11:T$52) -> 12 | V17: =+L17 -> 0.013196653 | W17: =+BB17 -> 0.96728504 | X17: =+BC17 -> 1.0163575 | Y17: =+BD17 -> 1.0817874 | Z17: =+$BC$11 -> 1.032715 | AA17: =+CONCATENATE($P$3,"(",A17,"): ",$C17) -> GU(G): Byggepris-indeks | AD17: =+$AE17-(1/2)*$K17/GrandTotal_Priority -> 0.99340167 | AE17: 1 | AF17: =+$AE17+(1/2)*$K17/GrandTotal_Priority -> 1.0065983 | AG17: =+AF17-AD17 -> 0.013196653 | AH17: =+AG17-L17 -> -4.6837534e-17 | AJ17: =+VLOOKUP($R17,$U$11:$AA$52,$V$9,FALSE) -> 0.060596875 | AL17: =+VLOOKUP($R17,$U$11:$AF$52,AD$9,FALSE) -> 0.96970156 | AM17: =+VLOOKUP($R17,$U$11:$AF$52,AE$9,FALSE) -> 1 | AN17: =+VLOOKUP($R17,$U$11:$AF$52,AF$9,FALSE) -> 1.0302984 | AP17: =+CONCATENATE("#",R17,": ",VLOOKUP($R17,$U$11:$AA$52,$AA$9,FALSE),", P= ",ROUND(AR17*100,1),"%") -> #7: GU(I): Politisk indf., P= 6,1% | AR17: =+VLOOKUP($R17,$U$11:$AA$52,$V$9,FALSE) -> 0.060596875 | AS17: =+VLOOKUP($R17,$U$11:$AA$52,$W$9,FALSE) -> 0.91821261 | AT17: =+VLOOKUP($R17,$U$11:$AA$52,$Y$9,FALSE) -> 1.1635748 | AU17: =+VLOOKUP($R17,$U$11:$AA$52,$X$9,FALSE) -> 1.032715 | AW17: =+IF(OR($AS17<>0,$AT17<>0,$AU17<>0),$AS17,100%) -> 0.91821261 | AX17: =+IF(OR($AS17<>0,$AT17<>0,$AU17<>0),$AU17,100%) -> 1.032715 | AY17: =+IF(OR($AS17<>0,$AT17<>0,$AU17<>0),$AT17,100%) -> 1.1635748 | BA17: =+IF($H17<0,$BB$25,$BB$26) -> 305.6706 | BB17: =+(100%+IFERROR($B17*D17/$BA17,0%)) -> 0.96728504 | BC17: =+(100%+IFERROR($B17*E17/$BA17,0%)) -> 1.0163575 | BD17: =+(100%+IFERROR($B17*F17/$BA17,0%)) -> 1.0817874 | BE17: =+(BB17+FaktorA*BC17+BD17)/DivisorA+IF(ABS(D17)+ABS(E17)+ABS(F17)=0,0%,0) -> 1.019629 | BF17: =+(D17+FaktorA*E17+F17)/DivisorA -> 6 | BG17: =+IFERROR(BF17/$BF$23,0) -> 0.056299981 | BH17: =+IF($H17>0,$BE17-100%,0%) -> 0.019628973 | BI17: =+IF($H17<=0,$BE17-100%,0%) -> 0
A18: H | B18: 1 | C18: Krav- og kvalitets-styring | D18: -25 | E18: 15 | F18: 75 | H18: =$B18*(D18+FaktorA*E18+F18)/DivisorA -> 19 | I18: =+$B18*(F18-D18)/DivisorB -> 20 | J18: 1 | K18: =+I18*I18*J18 -> 400 | L18: =+(IF(GrandTotal_Priority<>0,K18/GrandTotal_Priority,0)) -> 0.10772778 | N18: I hele projektet. | O18: =+(ABS(BD18-BC18)-ABS(BC18-BB18)) -> 0.06542991 | Q18: 1 | R18: =+SUM(INDIRECT("q10:q"&ROW()-0)) -> 8 | S18: =+SUM(INDIRECT("q10:q"&ROW()-0)) -> 8 | T18: =+L18+R18*deltaId -> 0.10772858 | U18: =+RANK(T18,T$11:T$52) -> 3 | V18: =+L18 -> 0.10772778 | W18: =+BB18 -> 0.91821261 | X18: =+BC18 -> 1.0490724 | Y18: =+BD18 -> 1.2453622 | Z18: =+$BC$11 -> 1.032715 | AA18: =+CONCATENATE($P$3,"(",A18,"): ",$C18) -> GU(H): Krav- og kvalitets-styring | AD18: =+$AE18-(1/2)*$K18/GrandTotal_Priority -> 0.94613611 | AE18: 1 | AF18: =+$AE18+(1/2)*$K18/GrandTotal_Priority -> 1.0538639 | AG18: =+AF18-AD18 -> 0.10772778 | AH18: =+AG18-L18 -> 0 | AJ18: =+VLOOKUP($R18,$U$11:$AA$52,$V$9,FALSE) -> 0.060596875 | AL18: =+VLOOKUP($R18,$U$11:$AF$52,AD$9,FALSE) -> 0.96970156 | AM18: =+VLOOKUP($R18,$U$11:$AF$52,AE$9,FALSE) -> 1 | AN18: =+VLOOKUP($R18,$U$11:$AF$52,AF$9,FALSE) -> 1.0302984 | AP18: =+CONCATENATE("#",R18,": ",VLOOKUP($R18,$U$11:$AA$52,$AA$9,FALSE),", P= ",ROUND(AR18*100,1),"%") -> #8: GU(B): Grænseflader, P= 6,1% | AR18: =+VLOOKUP($R18,$U$11:$AA$52,$V$9,FALSE) -> 0.060596875 | AS18: =+VLOOKUP($R18,$U$11:$AA$52,$W$9,FALSE) -> 0.91821261 | AT18: =+VLOOKUP($R18,$U$11:$AA$52,$Y$9,FALSE) -> 1.1635748 | AU18: =+VLOOKUP($R18,$U$11:$AA$52,$X$9,FALSE) -> 1 | AW18: =+IF(OR($AS18<>0,$AT18<>0,$AU18<>0),$AS18,100%) -> 0.91821261 | AX18: =+IF(OR($AS18<>0,$AT18<>0,$AU18<>0),$AU18,100%) -> 1 | AY18: =+IF(OR($AS18<>0,$AT18<>0,$AU18<>0),$AT18,100%) -> 1.1635748 | BA18: =+IF($H18<0,$BB$25,$BB$26) -> 305.6706 | BB18: =+(100%+IFERROR($B18*D18/$BA18,0%)) -> 0.91821261 | BC18: =+(100%+IFERROR($B18*E18/$BA18,0%)) -> 1.0490724 | BD18: =+(100%+IFERROR($B18*F18/$BA18,0%)) -> 1.2453622 | BE18: =+(BB18+FaktorA*BC18+BD18)/DivisorA+IF(ABS(D18)+ABS(E18)+ABS(F18)=0,0%,0) -> 1.0621584 | BF18: =+(D18+FaktorA*E18+F18)/DivisorA -> 19 | BG18: =+IFERROR(BF18/$BF$23,0) -> 0.17828327 | BH18: =+IF($H18>0,$BE18-100%,0%) -> 0.062158415 | BI18: =+IF($H18<=0,$BE18-100%,0%) -> 0
A19: I | B19: 1 | C19: Politisk indf. | D19: -25 | E19: 10 | F19: 50 | H19: =$B19*(D19+FaktorA*E19+F19)/DivisorA -> 11 | I19: =+$B19*(F19-D19)/DivisorB -> 15 | J19: 1 | K19: =+I19*I19*J19 -> 225 | L19: =+(IF(GrandTotal_Priority<>0,K19/GrandTotal_Priority,0)) -> 0.060596875 | N19: Beslutningstagerne, tilhængere og modstandere. Politisk dagsorden. | O19: =+(ABS(BD19-BC19)-ABS(BC19-BB19)) -> 0.016357478 | Q19: 1 | R19: =+SUM(INDIRECT("q10:q"&ROW()-0)) -> 9 | S19: =+SUM(INDIRECT("q10:q"&ROW()-0)) -> 9 | T19: =+L19+R19*deltaId -> 0.060597775 | U19: =+RANK(T19,T$11:T$52) -> 7 | V19: =+L19 -> 0.060596875 | W19: =+BB19 -> 0.91821261 | X19: =+BC19 -> 1.032715 | Y19: =+BD19 -> 1.1635748 | Z19: =+$BC$11 -> 1.032715 | AA19: =+CONCATENATE($P$3,"(",A19,"): ",$C19) -> GU(I): Politisk indf. | AD19: =+$AE19-(1/2)*$K19/GrandTotal_Priority -> 0.96970156 | AE19: 1 | AF19: =+$AE19+(1/2)*$K19/GrandTotal_Priority -> 1.0302984 | AG19: =+AF19-AD19 -> 0.060596875 | AH19: =+AG19-L19 -> -1.110223e-16 | AJ19: =+VLOOKUP($R19,$U$11:$AA$52,$V$9,FALSE) -> 0.032587653 | AL19: =+VLOOKUP($R19,$U$11:$AF$52,AD$9,FALSE) -> 0.98370617 | AM19: =+VLOOKUP($R19,$U$11:$AF$52,AE$9,FALSE) -> 1 | AN19: =+VLOOKUP($R19,$U$11:$AF$52,AF$9,FALSE) -> 1.0162938 | AP19: =+CONCATENATE("#",R19,": ",VLOOKUP($R19,$U$11:$AA$52,$AA$9,FALSE),", P= ",ROUND(AR19*100,1),"%") -> #9: Opg40: Andet, P= 3,3% | AR19: =+VLOOKUP($R19,$U$11:$AA$52,$V$9,FALSE) -> 0.032587653 | AS19: =+VLOOKUP($R19,$U$11:$AA$52,$W$9,FALSE) -> 0.43478261 | AT19: =+VLOOKUP($R19,$U$11:$AA$52,$Y$9,FALSE) -> 1.6304348 | AU19: =+VLOOKUP($R19,$U$11:$AA$52,$X$9,FALSE) -> 0.97826087 | AW19: =+IF(OR($AS19<>0,$AT19<>0,$AU19<>0),$AS19,100%) -> 0.43478261 | AX19: =+IF(OR($AS19<>0,$AT19<>0,$AU19<>0),$AU19,100%) -> 0.97826087 | AY19: =+IF(OR($AS19<>0,$AT19<>0,$AU19<>0),$AT19,100%) -> 1.6304348 | BA19: =+IF($H19<0,$BB$25,$BB$26) -> 305.6706 | BB19: =+(100%+IFERROR($B19*D19/$BA19,0%)) -> 0.91821261 | BC19: =+(100%+IFERROR($B19*E19/$BA19,0%)) -> 1.032715 | BD19: =+(100%+IFERROR($B19*F19/$BA19,0%)) -> 1.1635748 | BE19: =+(BB19+FaktorA*BC19+BD19)/DivisorA+IF(ABS(D19)+ABS(E19)+ABS(F19)=0,0%,0) -> 1.0359865 | BF19: =+(D19+FaktorA*E19+F19)/DivisorA -> 11 | BG19: =+IFERROR(BF19/$BF$23,0) -> 0.10321663 | BH19: =+IF($H19>0,$BE19-100%,0%) -> 0.035986451 | BI19: =+IF($H19<=0,$BE19-100%,0%) -> 0
A20: J | B20: 1 | C20: Geografisk-indeks | D20: 5 | E20: 15 | F20: 35 | H20: =$B20*(D20+FaktorA*E20+F20)/DivisorA -> 17 | I20: =+$B20*(F20-D20)/DivisorB -> 6 | J20: 1 | K20: =+I20*I20*J20 -> 36 | L20: =+(IF(GrandTotal_Priority<>0,K20/GrandTotal_Priority,0)) -> 0.0096954999 | N20: Hvor der skal bygges. | O20: =+(ABS(BD20-BC20)-ABS(BC20-BB20)) -> 0.032714955 | Q20: 1 | R20: =+SUM(INDIRECT("q10:q"&ROW()-0)) -> 10 | S20: =+SUM(INDIRECT("q10:q"&ROW()-0)) -> 10 | T20: =+L20+R20*deltaId -> 0.0096964999 | U20: =+RANK(T20,T$11:T$52) -> 16 | V20: =+L20 -> 0.0096954999 | W20: =+BB20 -> 1.0163575 | X20: =+BC20 -> 1.0490724 | Y20: =+BD20 -> 1.1145023 | Z20: =+$BC$11 -> 1.032715 | AA20: =+CONCATENATE($P$3,"(",A20,"): ",$C20) -> GU(J): Geografisk-indeks | AD20: =+$AE20-(1/2)*$K20/GrandTotal_Priority -> 0.99515225 | AE20: 1 | AF20: =+$AE20+(1/2)*$K20/GrandTotal_Priority -> 1.0048477 | AG20: =+AF20-AD20 -> 0.0096954999 | AH20: =+AG20-L20 -> -1.0755286e-16 | AJ20: =+VLOOKUP($R20,$U$11:$AA$52,$V$9,FALSE) -> 0.032587653 | AL20: =+VLOOKUP($R20,$U$11:$AF$52,AD$9,FALSE) -> 0.98370617 | AM20: =+VLOOKUP($R20,$U$11:$AF$52,AE$9,FALSE) -> 1 | AN20: =+VLOOKUP($R20,$U$11:$AF$52,AF$9,FALSE) -> 1.0162938 | AP20: =+CONCATENATE("#",R20,": ",VLOOKUP($R20,$U$11:$AA$52,$AA$9,FALSE),", P= ",ROUND(AR20*100,1),"%") -> #10: Opg16: Installationer, P= 3,3% | AR20: =+VLOOKUP($R20,$U$11:$AA$52,$V$9,FALSE) -> 0.032587653 | AS20: =+VLOOKUP($R20,$U$11:$AA$52,$W$9,FALSE) -> 0.5 | AT20: =+VLOOKUP($R20,$U$11:$AA$52,$Y$9,FALSE) -> 1.875 | AU20: =+VLOOKUP($R20,$U$11:$AA$52,$X$9,FALSE) -> 0.875 | AW20: =+IF(OR($AS20<>0,$AT20<>0,$AU20<>0),$AS20,100%) -> 0.5 | AX20: =+IF(OR($AS20<>0,$AT20<>0,$AU20<>0),$AU20,100%) -> 0.875 | AY20: =+IF(OR($AS20<>0,$AT20<>0,$AU20<>0),$AT20,100%) -> 1.875 | BA20: =+IF($H20<0,$BB$25,$BB$26) -> 305.6706 | BB20: =+(100%+IFERROR($B20*D20/$BA20,0%)) -> 1.0163575 | BC20: =+(100%+IFERROR($B20*E20/$BA20,0%)) -> 1.0490724 | BD20: =+(100%+IFERROR($B20*F20/$BA20,0%)) -> 1.1145023 | BE20: =+(BB20+FaktorA*BC20+BD20)/DivisorA+IF(ABS(D20)+ABS(E20)+ABS(F20)=0,0%,0) -> 1.0556154 | BF20: =+(D20+FaktorA*E20+F20)/DivisorA -> 17 | BG20: =+IFERROR(BF20/$BF$23,0) -> 0.15951661 | BH20: =+IF($H20>0,$BE20-100%,0%) -> 0.055615424 | BI20: =+IF($H20<=0,$BE20-100%,0%) -> 0
A21: K | B21: 1 | C21: Medierne | D21: -5 | E21: 0 | F21: 25 | H21: =$B21*(D21+FaktorA*E21+F21)/DivisorA -> 4 | I21: =+$B21*(F21-D21)/DivisorB -> 6 | J21: 1 | K21: =+I21*I21*J21 -> 36 | L21: =+(IF(GrandTotal_Priority<>0,K21/GrandTotal_Priority,0)) -> 0.0096954999 | N21: TV, FB, LinkedIn, X, radio | O21: =+(ABS(BD21-BC21)-ABS(BC21-BB21)) -> 0.06542991 | Q21: 1 | R21: =+SUM(INDIRECT("q10:q"&ROW()-0)) -> 11 | S21: =+SUM(INDIRECT("q10:q"&ROW()-0)) -> 11 | T21: =+L21+R21*deltaId -> 0.0096965999 | U21: =+RANK(T21,T$11:T$52) -> 15 | V21: =+L21 -> 0.0096954999 | W21: =+BB21 -> 0.98364252 | X21: =+BC21 -> 1 | Y21: =+BD21 -> 1.0817874 | Z21: =+$BC$11 -> 1.032715 | AA21: =+CONCATENATE($P$3,"(",A21,"): ",$C21) -> GU(K): Medierne | AD21: =+$AE21-(1/2)*$K21/GrandTotal_Priority -> 0.99515225 | AE21: 1 | AF21: =+$AE21+(1/2)*$K21/GrandTotal_Priority -> 1.0048477 | AG21: =+AF21-AD21 -> 0.0096954999 | AH21: =+AG21-L21 -> -1.0755286e-16 | AJ21: =+VLOOKUP($R21,$U$11:$AA$52,$V$9,FALSE) -> 0.026931944 | AL21: =+VLOOKUP($R21,$U$11:$AF$52,AD$9,FALSE) -> 0.98653403 | AM21: =+VLOOKUP($R21,$U$11:$AF$52,AE$9,FALSE) -> 1 | AN21: =+VLOOKUP($R21,$U$11:$AF$52,AF$9,FALSE) -> 1.013466 | AP21: =+CONCATENATE("#",R21,": ",VLOOKUP($R21,$U$11:$AA$52,$AA$9,FALSE),", P= ",ROUND(AR21*100,1),"%") -> #11: GU(Z): Analyse kvaliteten, P= 2,7% | AR21: =+VLOOKUP($R21,$U$11:$AA$52,$V$9,FALSE) -> 0.026931944 | AS21: =+VLOOKUP($R21,$U$11:$AA$52,$W$9,FALSE) -> 0.95092757 | AT21: =+VLOOKUP($R21,$U$11:$AA$52,$Y$9,FALSE) -> 1.1145023 | AU21: =+VLOOKUP($R21,$U$11:$AA$52,$X$9,FALSE) -> 1.032715 | AW21: =+IF(OR($AS21<>0,$AT21<>0,$AU21<>0),$AS21,100%) -> 0.95092757 | AX21: =+IF(OR($AS21<>0,$AT21<>0,$AU21<>0),$AU21,100%) -> 1.032715 | AY21: =+IF(OR($AS21<>0,$AT21<>0,$AU21<>0),$AT21,100%) -> 1.1145023 | BA21: =+IF($H21<0,$BB$25,$BB$26) -> 305.6706 | BB21: =+(100%+IFERROR($B21*D21/$BA21,0%)) -> 0.98364252 | BC21: =+(100%+IFERROR($B21*E21/$BA21,0%)) -> 1 | BD21: =+(100%+IFERROR($B21*F21/$BA21,0%)) -> 1.0817874 | BE21: =+(BB21+FaktorA*BC21+BD21)/DivisorA+IF(ABS(D21)+ABS(E21)+ABS(F21)=0,0%,0) -> 1.013086 | BF21: =+(D21+FaktorA*E21+F21)/DivisorA -> 4 | BG21: =+IFERROR(BF21/$BF$23,0) -> 0.03753332 | BH21: =+IF($H21>0,$BE21-100%,0%) -> 0.013085982 | BI21: =+IF($H21<=0,$BE21-100%,0%) -> 0
A22: Z | B22: 1 | C22: Analyse kvaliteten | D22: -15 | E22: 10 | F22: 35 | H22: =$B22*(D22+FaktorA*E22+F22)/DivisorA -> 10 | I22: =+$B22*(F22-D22)/DivisorB -> 10 | J22: 1 | K22: =+I22*I22*J22 -> 100 | L22: =+(IF(GrandTotal_Priority<>0,K22/GrandTotal_Priority,0)) -> 0.026931944 | N22: Kvaliteten af tilgængelige data, sammensætning af analysegruppen, antal deltagere, facilitatorens erfaringer og kompetencer m.v. | O22: =+(ABS(BD22-BC22)-ABS(BC22-BB22)) -> 0 | Q22: 1 | R22: =+SUM(INDIRECT("q10:q"&ROW()-0)) -> 12 | S22: =+SUM(INDIRECT("q10:q"&ROW()-0)) -> 12 | T22: =+L22+R22*deltaId -> 0.026933144 | U22: =+RANK(T22,T$11:T$52) -> 11 | V22: =+L22 -> 0.026931944 | W22: =+BB22 -> 0.95092757 | X22: =+BC22 -> 1.032715 | Y22: =+BD22 -> 1.1145023 | Z22: =+$BC$11 -> 1.032715 | AA22: =+CONCATENATE($P$3,"(",A22,"): ",$C22) -> GU(Z): Analyse kvaliteten | AD22: =+$AE22-(1/2)*$K22/GrandTotal_Priority -> 0.98653403 | AE22: 1 | AF22: =+$AE22+(1/2)*$K22/GrandTotal_Priority -> 1.013466 | AG22: =+AF22-AD22 -> 0.026931944 | AH22: =+AG22-L22 -> -5.2041704e-17 | AJ22: =+VLOOKUP($R22,$U$11:$AA$52,$V$9,FALSE) -> 0.013196653 | AL22: =+VLOOKUP($R22,$U$11:$AF$52,AD$9,FALSE) -> 0.99340167 | AM22: =+VLOOKUP($R22,$U$11:$AF$52,AE$9,FALSE) -> 1 | AN22: =+VLOOKUP($R22,$U$11:$AF$52,AF$9,FALSE) -> 1.0065983 | AP22: =+CONCATENATE("#",R22,": ",VLOOKUP($R22,$U$11:$AA$52,$AA$9,FALSE),", P= ",ROUND(AR22*100,1),"%") -> #12: GU(G): Byggepris-indeks, P= 1,3% | AR22: =+VLOOKUP($R22,$U$11:$AA$52,$V$9,FALSE) -> 0.013196653 | AS22: =+VLOOKUP($R22,$U$11:$AA$52,$W$9,FALSE) -> 0.96728504 | AT22: =+VLOOKUP($R22,$U$11:$AA$52,$Y$9,FALSE) -> 1.0817874 | AU22: =+VLOOKUP($R22,$U$11:$AA$52,$X$9,FALSE) -> 1.0163575 | AW22: =+IF(OR($AS22<>0,$AT22<>0,$AU22<>0),$AS22,100%) -> 0.96728504 | AX22: =+IF(OR($AS22<>0,$AT22<>0,$AU22<>0),$AU22,100%) -> 1.0163575 | AY22: =+IF(OR($AS22<>0,$AT22<>0,$AU22<>0),$AT22,100%) -> 1.0817874 | BA22: =+IF($H22<0,$BB$25,$BB$26) -> 305.6706 | BB22: =+(100%+IFERROR($B22*D22/$BA22,0%)) -> 0.95092757 | BC22: =+(100%+IFERROR($B22*E22/$BA22,0%)) -> 1.032715 | BD22: =+(100%+IFERROR($B22*F22/$BA22,0%)) -> 1.1145023 | BE22: =+(BB22+FaktorA*BC22+BD22)/DivisorA+IF(ABS(D22)+ABS(E22)+ABS(F22)=0,0%,0) -> 1.032715 | BF22: =+(D22+FaktorA*E22+F22)/DivisorA -> 10 | BG22: =+IFERROR(BF22/$BF$23,0) -> 0.093833301 | BH22: =+IF($H22>0,$BE22-100%,0%) -> 0.032714955 | BI22: =+IF($H22<=0,$BE22-100%,0%) -> 0
D23: =+_xlfn.CONCAT(C10," :") -> Generelle Usikkerheder : | H23: =+SUM(H11:H22) -> 120.5 | I23: =100%+IFERROR(Mean_GUs/Mean_Tasks,0%) -> 1.3147116 | K23: =+IFERROR(SUM(K11:K22),0) -> 2784.25 | L23: =+SUM(L11:L22) -> 0.74985266 | BF23: =+SUM(BF11:BF22) -> 106.57197 | BG23: =+SUM(BG11:BG22) -> 2.5707532 | BH23: =100%+SUM(BH11:BH22) -> 1.4073012 | BI23: =100%+SUM(BI11:BI22) -> 1
F24: Projekt-usikkerhed= | H24: =Project_Uncertainty -> 0.12545926 | K24: Check | L24: =+Project_UncertaintyShare_GeneralUncert+Project_UncertaintyShare_Tasks -> 1 | N24: KONTAKT COMPILOT.dk for gratis assistance. | BB24: =+C26 -> Opgaver
D25: Enhed opgaver: | E25: Mill. | BA25: Costs: | BB25: =+SUMIFS($H$27:$H$39,$H$27:$H$39,"<0") -> 0 | BC25: =+IFERROR(ABS(Task_Sum_Costs)/$BB$27,0) -> 0
A26: =+A10 -> Ref. | B26: =+B10 -> Incl. | C26: Opgaver | D26: =+$D$10 -> Min | E26: =+$E$10 -> M.S. | F26: =+$F$10 -> Max | H26: =+$H$10 -> Middel | I26: =+$I$10 -> Std | J26: =+$J$10 -> Kriticality | K26: =+$K$10 -> Var | L26: P % | N26: Notes. | O26: =+O10 -> Skævhed | BA26: Income: | BB26: =+SUMIFS($H$27:$H$39,$H$27:$H$39,">0") -> 305.6706 | BC26: =+IFERROR(ABS(Task_Sum_Income)/$BB$27,0) -> 1
A27: 11 | B27: 1 | C27: Nedbrydning | D27: 5 | E27: 10 | F27: 35 | G27: =+SUM(H27:H33)/Mean_Tasks -> 0.68688083 | H27: =+$B27*(D27+FaktorA*E27+F27)/DivisorA -> 14 | I27: =+$B27*(F27-D27)/DivisorB -> 6 | J27: 1 | K27: =+I27*I27*J27 -> 36 | L27: =+(IF(GrandTotal_Priority<>0,K27/GrandTotal_Priority,0)) -> 0.0096954999 | N27: Dette er en simpel model, som viser principperne i metoden. | O27: =+(IFERROR(((F27-E27)-(E27-D27))/E27,0)) -> 2 | Q27: 1 | R27: =+SUM(INDIRECT("q10:q"&ROW()-0)) -> 13 | S27: =+SUM(INDIRECT("q25:q"&ROW()-0)) -> 1 | T27: =+L27+R27*deltaId -> 0.0096967999 | U27: =+RANK(T27,T$11:T$52) -> 14 | V27: =+L27 -> 0.0096954999 | W27: =+IFERROR(D27/$H27,0) -> 0.35714286 | X27: =+IFERROR(E27/$H27,0) -> 0.71428571 | Y27: =+IFERROR(F27/$H27,0) -> 2.5 | Z27: =+$BC$11 -> 1.032715 | AA27: =+CONCATENATE("Opg",A27,": ",$C27) -> Opg11: Nedbrydning | AD27: =+$AE27-(1/2)*$K27/GrandTotal_Priority -> 0.99515225 | AE27: 1 | AF27: =+$AE27+(1/2)*$K27/GrandTotal_Priority -> 1.0048477 | AG27: =+AF27-AD27 -> 0.0096954999 | AH27: =+AG27-L27 -> -1.0755286e-16 | AJ27: =+VLOOKUP($R27,$U$11:$AA$52,$V$9,FALSE) -> 0.01051477 | AP27: =+CONCATENATE("#",R27,": ",VLOOKUP($R27,$U$11:$AA$52,$AA$9,FALSE)) -> #13: Opg97: UF'ere (Unk Unks) | AS27: =+VLOOKUP($R27,$U$11:$AA$52,$W$9,FALSE) -> -0.30609527 | AT27: =+VLOOKUP($R27,$U$11:$AA$52,$Y$9,FALSE) -> 2.3060953 | AU27: =+VLOOKUP($R27,$U$11:$AA$52,$X$9,FALSE) -> 1 | BB27: =+ABS(Task_Sum_Costs)+ABS(Task_Sum_Income) -> 305.6706
A28: 12 | B28: 1 | C28: Byggeplads | D28: 25 | E28: 30 | F28: 50 | H28: =+$B28*(D28+FaktorA*E28+F28)/DivisorA -> 33 | I28: =+$B28*(F28-D28)/DivisorB -> 5 | J28: 1 | K28: =+I28*I28*J28 -> 25 | L28: =+(IF(GrandTotal_Priority<>0,K28/GrandTotal_Priority,0)) -> 0.0067329861 | O28: =+(IFERROR(((F28-E28)-(E28-D28))/E28,0)) -> 0.5 | Q28: 1 | R28: =+SUM(INDIRECT("q10:q"&ROW()-0)) -> 14 | S28: =+SUM(INDIRECT("q25:q"&ROW()-0)) -> 2 | T28: =+L28+R28*deltaId -> 0.0067343861 | U28: =+RANK(T28,T$11:T$52) -> 18 | V28: =+L28 -> 0.0067329861 | W28: =+IFERROR(D28/$H28,0) -> 0.75757576 | X28: =+IFERROR(E28/$H28,0) -> 0.90909091 | Y28: =+IFERROR(F28/$H28,0) -> 1.5151515 | Z28: =+$BC$11 -> 1.032715 | AA28: =+CONCATENATE("Opg",A28,": ",$C28) -> Opg12: Byggeplads | AD28: =+$AE28-(1/2)*$K28/GrandTotal_Priority -> 0.99663351 | AE28: 1 | AF28: =+$AE28+(1/2)*$K28/GrandTotal_Priority -> 1.0033665 | AG28: =+AF28-AD28 -> 0.0067329861 | AH28: =+AG28-L28 -> -1.3010426e-17 | AJ28: =+VLOOKUP($R28,$U$11:$AA$52,$V$9,FALSE) -> 0.0096954999 | AP28: =+CONCATENATE("#",R28,": ",VLOOKUP($R28,$U$11:$AA$52,$AA$9,FALSE)) -> #14: Opg11: Nedbrydning | AS28: =+VLOOKUP($R28,$U$11:$AA$52,$W$9,FALSE) -> 0.35714286 | AT28: =+VLOOKUP($R28,$U$11:$AA$52,$Y$9,FALSE) -> 2.5 | AU28: =+VLOOKUP($R28,$U$11:$AA$52,$X$9,FALSE) -> 0.71428571
A29: 13 | B29: 1 | C29: Råhus | D29: 75 | E29: 100 | F29: 150 | H29: =+$B29*(D29+FaktorA*E29+F29)/DivisorA -> 105 | I29: =+$B29*(F29-D29)/DivisorB -> 15 | J29: 1 | K29: =+I29*I29*J29 -> 225 | L29: =+(IF(GrandTotal_Priority<>0,K29/GrandTotal_Priority,0)) -> 0.060596875 | N29: Der skal designes med nye principper. | O29: =+(IFERROR(((F29-E29)-(E29-D29))/E29,0)) -> 0.25 | Q29: 1 | R29: =+SUM(INDIRECT("q10:q"&ROW()-0)) -> 15 | S29: =+SUM(INDIRECT("q25:q"&ROW()-0)) -> 3 | T29: =+L29+R29*deltaId -> 0.060598375 | U29: =+RANK(T29,T$11:T$52) -> 6 | V29: =+L29 -> 0.060596875 | W29: =+IFERROR(D29/$H29,0) -> 0.71428571 | X29: =+IFERROR(E29/$H29,0) -> 0.95238095 | Y29: =+IFERROR(F29/$H29,0) -> 1.4285714 | Z29: =+$BC$11 -> 1.032715 | AA29: =+CONCATENATE("Opg",A29,": ",$C29) -> Opg13: Råhus | AD29: =+$AE29-(1/2)*$K29/GrandTotal_Priority -> 0.96970156 | AE29: 1 | AF29: =+$AE29+(1/2)*$K29/GrandTotal_Priority -> 1.0302984 | AG29: =+AF29-AD29 -> 0.060596875 | AH29: =+AG29-L29 -> -1.110223e-16 | AJ29: =+VLOOKUP($R29,$U$11:$AA$52,$V$9,FALSE) -> 0.0096954999 | AP29: =+CONCATENATE("#",R29,": ",VLOOKUP($R29,$U$11:$AA$52,$AA$9,FALSE)) -> #15: GU(K): Medierne | AS29: =+VLOOKUP($R29,$U$11:$AA$52,$W$9,FALSE) -> 0.98364252 | AT29: =+VLOOKUP($R29,$U$11:$AA$52,$Y$9,FALSE) -> 1.0817874 | AU29: =+VLOOKUP($R29,$U$11:$AA$52,$X$9,FALSE) -> 1
A30: 14 | B30: 1 | C30: Lukning | D30: 6 | E30: 10 | F30: 15 | H30: =+$B30*(D30+FaktorA*E30+F30)/DivisorA -> 10.2 | I30: =+$B30*(F30-D30)/DivisorB -> 1.8 | J30: 1 | K30: =+I30*I30*J30 -> 3.24 | L30: =+(IF(GrandTotal_Priority<>0,K30/GrandTotal_Priority,0)) -> 0.00087259499 | O30: =+(IFERROR(((F30-E30)-(E30-D30))/E30,0)) -> 0.1 | Q30: 1 | R30: =+SUM(INDIRECT("q10:q"&ROW()-0)) -> 16 | S30: =+SUM(INDIRECT("q25:q"&ROW()-0)) -> 4 | T30: =+L30+R30*deltaId -> 0.00087419499 | U30: =+RANK(T30,T$11:T$52) -> 21 | V30: =+L30 -> 0.00087259499 | W30: =+IFERROR(D30/$H30,0) -> 0.58823529 | X30: =+IFERROR(E30/$H30,0) -> 0.98039216 | Y30: =+IFERROR(F30/$H30,0) -> 1.4705882 | Z30: =+$BC$11 -> 1.032715 | AA30: =+CONCATENATE("Opg",A30,": ",$C30) -> Opg14: Lukning | AD30: =+$AE30-(1/2)*$K30/GrandTotal_Priority -> 0.9995637 | AE30: 1 | AF30: =+$AE30+(1/2)*$K30/GrandTotal_Priority -> 1.0004363 | AG30: =+AF30-AD30 -> 0.00087259499 | AH30: =+AG30-L30 -> 3.9139698e-17 | AJ30: =+VLOOKUP($R30,$U$11:$AA$52,$V$9,FALSE) -> 0.0096954999 | AP30: =+CONCATENATE("#",R30,": ",VLOOKUP($R30,$U$11:$AA$52,$AA$9,FALSE)) -> #16: GU(J): Geografisk-indeks | AS30: =+VLOOKUP($R30,$U$11:$AA$52,$W$9,FALSE) -> 1.0163575 | AT30: =+VLOOKUP($R30,$U$11:$AA$52,$Y$9,FALSE) -> 1.1145023 | AU30: =+VLOOKUP($R30,$U$11:$AA$52,$X$9,FALSE) -> 1.0490724
A31: 15 | B31: 1 | C31: Aptering | D31: 10 | E31: 45 | F31: 100 | H31: =+$B31*(D31+FaktorA*E31+F31)/DivisorA -> 49 | I31: =+$B31*(F31-D31)/DivisorB -> 18 | J31: 1 | K31: =+I31*I31*J31 -> 324 | L31: =+(IF(GrandTotal_Priority<>0,K31/GrandTotal_Priority,0)) -> 0.087259499 | N31: Indretningen er ikke på plads. | O31: =+(IFERROR(((F31-E31)-(E31-D31))/E31,0)) -> 0.44444444 | Q31: 1 | R31: =+SUM(INDIRECT("q10:q"&ROW()-0)) -> 17 | S31: =+SUM(INDIRECT("q25:q"&ROW()-0)) -> 5 | T31: =+L31+R31*deltaId -> 0.087261199 | U31: =+RANK(T31,T$11:T$52) -> 5 | V31: =+L31 -> 0.087259499 | W31: =+IFERROR(D31/$H31,0) -> 0.20408163 | X31: =+IFERROR(E31/$H31,0) -> 0.91836735 | Y31: =+IFERROR(F31/$H31,0) -> 2.0408163 | Z31: =+$BC$11 -> 1.032715 | AA31: =+CONCATENATE("Opg",A31,": ",$C31) -> Opg15: Aptering | AD31: =+$AE31-(1/2)*$K31/GrandTotal_Priority -> 0.95637025 | AE31: 1 | AF31: =+$AE31+(1/2)*$K31/GrandTotal_Priority -> 1.0436297 | AG31: =+AF31-AD31 -> 0.087259499 | AH31: =+AG31-L31 -> 0 | AJ31: =+VLOOKUP($R31,$U$11:$AA$52,$V$9,FALSE) -> 0.0067329861 | AP31: =+CONCATENATE("#",R31,": ",VLOOKUP($R31,$U$11:$AA$52,$AA$9,FALSE)) -> #17: Opg31: Grundkøb | AS31: =+VLOOKUP($R31,$U$11:$AA$52,$W$9,FALSE) -> 0.55555556 | AT31: =+VLOOKUP($R31,$U$11:$AA$52,$Y$9,FALSE) -> 1.9444444 | AU31: =+VLOOKUP($R31,$U$11:$AA$52,$X$9,FALSE) -> 0.83333333
A32: 16 | B32: 1 | C32: Installationer | D32: 20 | E32: 35 | F32: 75 | H32: =+$B32*(D32+FaktorA*E32+F32)/DivisorA -> 40 | I32: =+$B32*(F32-D32)/DivisorB -> 11 | J32: 1 | K32: =+I32*I32*J32 -> 121 | L32: =+(IF(GrandTotal_Priority<>0,K32/GrandTotal_Priority,0)) -> 0.032587653 | O32: =+(IFERROR(((F32-E32)-(E32-D32))/E32,0)) -> 0.71428571 | Q32: 2 | R32: =+SUM(INDIRECT("q10:q"&ROW()-0)) -> 19 | S32: =+SUM(INDIRECT("q25:q"&ROW()-0)) -> 7 | T32: =+L32+R32*deltaId -> 0.032589553 | U32: =+RANK(T32,T$11:T$52) -> 10 | V32: =+L32 -> 0.032587653 | W32: =+IFERROR(D32/$H32,0) -> 0.5 | X32: =+IFERROR(E32/$H32,0) -> 0.875 | Y32: =+IFERROR(F32/$H32,0) -> 1.875 | Z32: =+$BC$11 -> 1.032715 | AA32: =+CONCATENATE("Opg",A32,": ",$C32) -> Opg16: Installationer | AD32: =+$AE32-(1/2)*$K32/GrandTotal_Priority -> 0.98370617 | AE32: 1 | AF32: =+$AE32+(1/2)*$K32/GrandTotal_Priority -> 1.0162938 | AG32: =+AF32-AD32 -> 0.032587653 | AH32: =+AG32-L32 -> 6.9388939e-17 | AJ32: =+VLOOKUP($R32,$U$11:$AA$52,$V$9,FALSE) -> 0.0067329861 | AP32: =+CONCATENATE("#",R32,": ",VLOOKUP($R32,$U$11:$AA$52,$AA$9,FALSE)) -> #19: GU(E): Projekt Org. | AS32: =+VLOOKUP($R32,$U$11:$AA$52,$W$9,FALSE) -> 1 | AT32: =+VLOOKUP($R32,$U$11:$AA$52,$Y$9,FALSE) -> 1 | AU32: =+VLOOKUP($R32,$U$11:$AA$52,$X$9,FALSE) -> 1
A33: 17 | B33: 1 | C33: Landskab | D33: 8 | E33: 12 | F33: 15 | H33: =+$B33*(D33+FaktorA*E33+F33)/DivisorA -> 11.8 | I33: =+$B33*(F33-D33)/DivisorB -> 1.4 | J33: 1 | K33: =+I33*I33*J33 -> 1.96 | L33: =+(IF(GrandTotal_Priority<>0,K33/GrandTotal_Priority,"0")) -> 0.00052786611 | O33: =+(IFERROR(((F33-E33)-(E33-D33))/E33,0)) -> -0.083333333 | Q33: 1 | R33: =+SUM(INDIRECT("q10:q"&ROW()-0)) -> 20 | S33: =+SUM(INDIRECT("q25:q"&ROW()-0)) -> 8 | T33: =+L33+R33*deltaId -> 0.00052986611 | U33: =+RANK(T33,T$11:T$52) -> 24 | V33: =+L33 -> 0.00052786611 | W33: =+IFERROR(D33/$H33,0) -> 0.6779661 | X33: =+IFERROR(E33/$H33,0) -> 1.0169492 | Y33: =+IFERROR(F33/$H33,0) -> 1.2711864 | Z33: =+$BC$11 -> 1.032715 | AA33: =+CONCATENATE("Opg",A33,": ",$C33) -> Opg17: Landskab | AD33: =+$AE33-(1/2)*$K33/GrandTotal_Priority -> 0.99973607 | AE33: 1 | AF33: =+$AE33+(1/2)*$K33/GrandTotal_Priority -> 1.0002639 | AG33: =+AF33-AD33 -> 0.00052786611 | AH33: =+AG33-L33 -> 2.9273459e-17 | AJ33: =+VLOOKUP($R33,$U$11:$AA$52,$V$9,FALSE) -> 0.0054537187 | AP33: =+CONCATENATE("#",R33,": ",VLOOKUP($R33,$U$11:$AA$52,$AA$9,FALSE)) -> #20: GU(D): Bygherrens org. | AS33: =+VLOOKUP($R33,$U$11:$AA$52,$W$9,FALSE) -> 0.98364252 | AT33: =+VLOOKUP($R33,$U$11:$AA$52,$Y$9,FALSE) -> 1.0572512 | AU33: =+VLOOKUP($R33,$U$11:$AA$52,$X$9,FALSE) -> 1.032715
A34: 21 | B34: 1 | C34: Projektering | D34: =+E34*80% -> 10.52 | E34: =5%*SUM(H$27:H$33) -> 13.15 | F34: =+E34*125% -> 16.4375 | G34: =+SUM(H34:H37)/Mean_Tasks -> 0.059209127 | H34: =+$B34*(D34+FaktorA*E34+F34)/DivisorA -> 13.2815 | I34: =+$B34*(F34-D34)/DivisorB -> 1.1835 | J34: 1 | K34: =+I34*I34*J34 -> 1.4006722 | L34: =+(IF(GrandTotal_Priority<>0,K34/GrandTotal_Priority,"0")) -> 0.00037722827 | N34: En % sats af entrepriserne (middel). | O34: =+(IFERROR(((F34-E34)-(E34-D34))/E34,0)) -> 0.05 | Q34: 1 | R34: =+SUM(INDIRECT("q10:q"&ROW()-0)) -> 21 | S34: =+SUM(INDIRECT("q25:q"&ROW()-0)) -> 9 | T34: =+L34+R34*deltaId -> 0.00037932827 | U34: =+RANK(T34,T$11:T$52) -> 26 | V34: =+L34 -> 0.00037722827 | W34: =+IFERROR(D34/$H34,0) -> 0.79207921 | X34: =+IFERROR(E34/$H34,0) -> 0.99009901 | Y34: =+IFERROR(F34/$H34,0) -> 1.2376238 | Z34: =+$BC$11 -> 1.032715 | AA34: =+CONCATENATE("Opg",A34,": ",$C34) -> Opg21: Projektering | AD34: =+$AE34-(1/2)*$K34/GrandTotal_Priority -> 0.99981139 | AE34: 1 | AF34: =+$AE34+(1/2)*$K34/GrandTotal_Priority -> 1.0001886 | AG34: =+AF34-AD34 -> 0.00037722827 | AH34: =+AG34-L34 -> 2.986977e-17 | AJ34: =+VLOOKUP($R34,$U$11:$AA$52,$V$9,FALSE) -> 0.00087259499 | AP34: =+CONCATENATE("#",R34,": ",VLOOKUP($R34,$U$11:$AA$52,$AA$9,FALSE)) -> #21: Opg14: Lukning | AS34: =+VLOOKUP($R34,$U$11:$AA$52,$W$9,FALSE) -> 0.58823529 | AT34: =+VLOOKUP($R34,$U$11:$AA$52,$Y$9,FALSE) -> 1.4705882 | AU34: =+VLOOKUP($R34,$U$11:$AA$52,$X$9,FALSE) -> 0.98039216
A35: 22 | B35: 1 | C35: Rådgivning | D35: =+E35*60% -> 3.945 | E35: =2.5%*SUM(H$27:H$33) -> 6.575 | F35: =+E35*150% -> 9.8625 | H35: =+$B35*(D35+FaktorA*E35+F35)/DivisorA -> 6.7065 | I35: =+$B35*(F35-D35)/DivisorB -> 1.1835 | J35: 1 | K35: =+I35*I35*J35 -> 1.4006722 | L35: =+(IF(GrandTotal_Priority<>0,K35/GrandTotal_Priority,"0")) -> 0.00037722827 | N35: En % sats af entrepriserne (middel). | O35: =+(IFERROR(((F35-E35)-(E35-D35))/E35,0)) -> 0.1 | Q35: 1 | R35: =+SUM(INDIRECT("q10:q"&ROW()-0)) -> 22 | S35: =+SUM(INDIRECT("q25:q"&ROW()-0)) -> 10 | T35: =+L35+R35*deltaId -> 0.00037942827 | U35: =+RANK(T35,T$11:T$52) -> 25 | V35: =+L35 -> 0.00037722827 | W35: =+IFERROR(D35/$H35,0) -> 0.58823529 | X35: =+IFERROR(E35/$H35,0) -> 0.98039216 | Y35: =+IFERROR(F35/$H35,0) -> 1.4705882 | Z35: =+$BC$11 -> 1.032715 | AA35: =+CONCATENATE("Opg",A35,": ",$C35) -> Opg22: Rådgivning | AD35: =+$AE35-(1/2)*$K35/GrandTotal_Priority -> 0.99981139 | AE35: 1 | AF35: =+$AE35+(1/2)*$K35/GrandTotal_Priority -> 1.0001886 | AG35: =+AF35-AD35 -> 0.00037722827 | AH35: =+AG35-L35 -> 2.970714e-17 | AJ35: =+VLOOKUP($R35,$U$11:$AA$52,$V$9,FALSE) -> 0.00054752229 | AP35: =+CONCATENATE("#",R35,": ",VLOOKUP($R35,$U$11:$AA$52,$AA$9,FALSE)) -> #22: Opg38: Finansiering | AS35: =+VLOOKUP($R35,$U$11:$AA$52,$W$9,FALSE) -> 0.58823529 | AT35: =+VLOOKUP($R35,$U$11:$AA$52,$Y$9,FALSE) -> 1.4705882 | AU35: =+VLOOKUP($R35,$U$11:$AA$52,$X$9,FALSE) -> 0.98039216
A36: 23 | B36: 1 | C36: Byggeledelse | D36: =+E36*60% -> 0.789 | E36: =0.5%*SUM(H$27:H$33) -> 1.315 | F36: =+E36*150% -> 1.9725 | H36: =+$B36*(D36+FaktorA*E36+F36)/DivisorA -> 1.3413 | I36: =+$B36*(F36-D36)/DivisorB -> 0.2367 | J36: 1 | K36: =+I36*I36*J36 -> 0.05602689 | L36: =+(IF(GrandTotal_Priority<>0,K36/GrandTotal_Priority,"0")) -> 1.5089131e-05 | N36: En % sats af entrepriserne (middel). | O36: =+(IFERROR(((F36-E36)-(E36-D36))/E36,0)) -> 0.1 | Q36: 1 | R36: =+SUM(INDIRECT("q10:q"&ROW()-0)) -> 23 | S36: =+SUM(INDIRECT("q25:q"&ROW()-0)) -> 11 | T36: =+L36+R36*deltaId -> 1.7389131e-05 | U36: =+RANK(T36,T$11:T$52) -> 31 | V36: =+L36 -> 1.5089131e-05 | W36: =+IFERROR(D36/$H36,0) -> 0.58823529 | X36: =+IFERROR(E36/$H36,0) -> 0.98039216 | Y36: =+IFERROR(F36/$H36,0) -> 1.4705882 | Z36: =+$BC$11 -> 1.032715 | AA36: =+CONCATENATE("Opg",A36,": ",$C36) -> Opg23: Byggeledelse | AD36: =+$AE36-(1/2)*$K36/GrandTotal_Priority -> 0.99999246 | AE36: 1 | AF36: =+$AE36+(1/2)*$K36/GrandTotal_Priority -> 1.0000075 | AG36: =+AF36-AD36 -> 1.5089131e-05 | AH36: =+AG36-L36 -> -6.5423131e-17 | AJ36: =+VLOOKUP($R36,$U$11:$AA$52,$V$9,FALSE) -> 0.00052786611 | AP36: =+CONCATENATE("#",R36,": ",VLOOKUP($R36,$U$11:$AA$52,$AA$9,FALSE)) -> #23: Opg33: Interne veje | AS36: =+VLOOKUP($R36,$U$11:$AA$52,$W$9,FALSE) -> 0.20833333 | AT36: =+VLOOKUP($R36,$U$11:$AA$52,$Y$9,FALSE) -> 1.6666667 | AU36: =+VLOOKUP($R36,$U$11:$AA$52,$X$9,FALSE) -> 1.0416667
A37: 24 | B37: 1 | C37: Tilsyn | D37: =+E37*60% -> 0.789 | E37: =0.5%*SUM(H$27:H$33) -> 1.315 | F37: =+E37*150% -> 1.9725 | H37: =+$B37*(D37+FaktorA*E37+F37)/DivisorA -> 1.3413 | I37: =+$B37*(F37-D37)/DivisorB -> 0.2367 | J37: 1 | K37: =+I37*I37*J37 -> 0.05602689 | L37: =+(IF(GrandTotal_Priority<>0,K37/GrandTotal_Priority,"0")) -> 1.5089131e-05 | N37: En % sats af entrepriserne (middel). | O37: =+(IFERROR(((F37-E37)-(E37-D37))/E37,0)) -> 0.1 | Q37: 1 | R37: =+SUM(INDIRECT("q10:q"&ROW()-0)) -> 24 | S37: =+SUM(INDIRECT("q25:q"&ROW()-0)) -> 12 | T37: =+L37+R37*deltaId -> 1.7489131e-05 | U37: =+RANK(T37,T$11:T$52) -> 30 | V37: =+L37 -> 1.5089131e-05 | W37: =+IFERROR(D37/$H37,0) -> 0.58823529 | X37: =+IFERROR(E37/$H37,0) -> 0.98039216 | Y37: =+IFERROR(F37/$H37,0) -> 1.4705882 | Z37: =+$BC$11 -> 1.032715 | AA37: =+CONCATENATE("Opg",A37,": ",$C37) -> Opg24: Tilsyn | AD37: =+$AE37-(1/2)*$K37/GrandTotal_Priority -> 0.99999246 | AE37: 1 | AF37: =+$AE37+(1/2)*$K37/GrandTotal_Priority -> 1.0000075 | AG37: =+AF37-AD37 -> 1.5089131e-05 | AH37: =+AG37-L37 -> -6.5423131e-17 | AJ37: =+VLOOKUP($R37,$U$11:$AA$52,$V$9,FALSE) -> 0.00052786611 | AP37: =+CONCATENATE("#",R37,": ",VLOOKUP($R37,$U$11:$AA$52,$AA$9,FALSE)) -> #24: Opg17: Landskab | AS37: =+VLOOKUP($R37,$U$11:$AA$52,$W$9,FALSE) -> 0.6779661 | AT37: =+VLOOKUP($R37,$U$11:$AA$52,$Y$9,FALSE) -> 1.2711864 | AU37: =+VLOOKUP($R37,$U$11:$AA$52,$X$9,FALSE) -> 1.0169492
A38: 31 | B38: 1 | C38: Grundkøb | D38: 10 | E38: 15 | F38: 35 | G38: =+SUM(H38:H45)/Mean_Tasks -> 0.10253509 | H38: =+$B38*(D38+FaktorA*E38+F38)/DivisorA -> 18 | I38: =+$B38*(F38-D38)/DivisorB -> 5 | J38: 1 | K38: =+I38*I38*J38 -> 25 | L38: =+(IF(GrandTotal_Priority<>0,K38/GrandTotal_Priority,"0")) -> 0.0067329861 | O38: =+(IFERROR(((F38-E38)-(E38-D38))/E38,0)) -> 1 | Q38: 1 | R38: =+SUM(INDIRECT("q10:q"&ROW()-0)) -> 25 | S38: =+SUM(INDIRECT("q25:q"&ROW()-0)) -> 13 | T38: =+L38+R38*deltaId -> 0.0067354861 | U38: =+RANK(T38,T$11:T$52) -> 17 | V38: =+L38 -> 0.0067329861 | W38: =+IFERROR(D38/$H38,0) -> 0.55555556 | X38: =+IFERROR(E38/$H38,0) -> 0.83333333 | Y38: =+IFERROR(F38/$H38,0) -> 1.9444444 | Z38: =+$BC$11 -> 1.032715 | AA38: =+CONCATENATE("Opg",A38,": ",$C38) -> Opg31: Grundkøb | AD38: =+$AE38-(1/2)*$K38/GrandTotal_Priority -> 0.99663351 | AE38: 1 | AF38: =+$AE38+(1/2)*$K38/GrandTotal_Priority -> 1.0033665 | AG38: =+AF38-AD38 -> 0.0067329861 | AH38: =+AG38-L38 -> -1.3010426e-17 | AJ38: =+VLOOKUP($R38,$U$11:$AA$52,$V$9,FALSE) -> 0.00037722827 | AP38: =+CONCATENATE("#",R38,": ",VLOOKUP($R38,$U$11:$AA$52,$AA$9,FALSE)) -> #25: Opg22: Rådgivning | AS38: =+VLOOKUP($R38,$U$11:$AA$52,$W$9,FALSE) -> 0.58823529 | AT38: =+VLOOKUP($R38,$U$11:$AA$52,$Y$9,FALSE) -> 1.4705882 | AU38: =+VLOOKUP($R38,$U$11:$AA$52,$X$9,FALSE) -> 0.98039216
A39: 32 | B39: 1 | C39: Geoteknisk undersøg. | D39: 1 | E39: 2 | F39: 3 | H39: =+$B39*(D39+FaktorA*E39+F39)/DivisorA -> 2 | I39: =+$B39*(F39-D39)/DivisorB -> 0.4 | J39: 1 | K39: =+I39*I39*J39 -> 0.16 | L39: =+(IF(GrandTotal_Priority<>0,K39/GrandTotal_Priority,"0")) -> 4.3091111e-05 | O39: =+(IFERROR(((F39-E39)-(E39-D39))/E39,0)) -> 0 | Q39: 1 | R39: =+SUM(INDIRECT("q10:q"&ROW()-0)) -> 26 | S39: =+SUM(INDIRECT("q25:q"&ROW()-0)) -> 14 | T39: =+L39+R39*deltaId -> 4.5691111e-05 | U39: =+RANK(T39,T$11:T$52) -> 28 | V39: =+L39 -> 4.3091111e-05 | W39: =+IFERROR(D39/$H39,0) -> 0.5 | X39: =+IFERROR(E39/$H39,0) -> 1 | Y39: =+IFERROR(F39/$H39,0) -> 1.5 | Z39: =+$BC$11 -> 1.032715 | AA39: =+CONCATENATE("Opg",A39,": ",$C39) -> Opg32: Geoteknisk undersøg. | AD39: =+$AE39-(1/2)*$K39/GrandTotal_Priority -> 0.99997845 | AE39: 1 | AF39: =+$AE39+(1/2)*$K39/GrandTotal_Priority -> 1.0000215 | AG39: =+AF39-AD39 -> 4.3091111e-05 | AH39: =+AG39-L39 -> 5.6751207e-17 | AJ39: =+VLOOKUP($R39,$U$11:$AA$52,$V$9,FALSE) -> 0.00037722827 | AP39: =+CONCATENATE("#",R39,": ",VLOOKUP($R39,$U$11:$AA$52,$AA$9,FALSE)) -> #26: Opg21: Projektering | AS39: =+VLOOKUP($R39,$U$11:$AA$52,$W$9,FALSE) -> 0.79207921 | AT39: =+VLOOKUP($R39,$U$11:$AA$52,$Y$9,FALSE) -> 1.2376238 | AU39: =+VLOOKUP($R39,$U$11:$AA$52,$X$9,FALSE) -> 0.99009901
A40: 33 | B40: 1 | C40: Interne veje | D40: 1 | E40: 5 | F40: 8 | H40: =+$B40*(D40+FaktorA*E40+F40)/DivisorA -> 4.8 | I40: =+$B40*(F40-D40)/DivisorB -> 1.4 | J40: 1 | K40: =+I40*I40*J40 -> 1.96 | L40: =+(IF(GrandTotal_Priority<>0,K40/GrandTotal_Priority,"0")) -> 0.00052786611 | O40: =+(IFERROR(((F40-E40)-(E40-D40))/E40,0)) -> -0.2 | Q40: 1 | R40: =+SUM(INDIRECT("q10:q"&ROW()-0)) -> 27 | S40: =+SUM(INDIRECT("q25:q"&ROW()-0)) -> 15 | T40: =+L40+R40*deltaId -> 0.00053056611 | U40: =+RANK(T40,T$11:T$52) -> 23 | V40: =+L40 -> 0.00052786611 | W40: =+IFERROR(D40/$H40,0) -> 0.20833333 | X40: =+IFERROR(E40/$H40,0) -> 1.0416667 | Y40: =+IFERROR(F40/$H40,0) -> 1.6666667 | Z40: =+$BC$11 -> 1.032715 | AA40: =+CONCATENATE("Opg",A40,": ",$C40) -> Opg33: Interne veje | AD40: =+$AE40-(1/2)*$K40/GrandTotal_Priority -> 0.99973607 | AE40: 1 | AF40: =+$AE40+(1/2)*$K40/GrandTotal_Priority -> 1.0002639 | AG40: =+AF40-AD40 -> 0.00052786611 | AH40: =+AG40-L40 -> 2.9273459e-17 | AJ40: =+VLOOKUP($R40,$U$11:$AA$52,$V$9,FALSE) -> 9.6954999e-05 | AP40: =+CONCATENATE("#",R40,": ",VLOOKUP($R40,$U$11:$AA$52,$AA$9,FALSE)) -> #27: Opg34: Terrænregulering | AS40: =+VLOOKUP($R40,$U$11:$AA$52,$W$9,FALSE) -> 0.45454545 | AT40: =+VLOOKUP($R40,$U$11:$AA$52,$Y$9,FALSE) -> 1.8181818 | AU40: =+VLOOKUP($R40,$U$11:$AA$52,$X$9,FALSE) -> 0.90909091
A41: 34 | B41: 1 | C41: Terrænregulering | D41: 1 | E41: 2 | F41: 4 | H41: =+$B41*(D41+FaktorA*E41+F41)/DivisorA -> 2.2 | I41: =+$B41*(F41-D41)/DivisorB -> 0.6 | J41: 1 | K41: =+I41*I41*J41 -> 0.36 | L41: =+(IF(GrandTotal_Priority<>0,K41/GrandTotal_Priority,"0")) -> 9.6954999e-05 | O41: =+(IFERROR(((F41-E41)-(E41-D41))/E41,0)) -> 0.5 | Q41: 1 | R41: =+SUM(INDIRECT("q10:q"&ROW()-0)) -> 28 | S41: =+SUM(INDIRECT("q25:q"&ROW()-0)) -> 16 | T41: =+L41+R41*deltaId -> 9.9754999e-05 | U41: =+RANK(T41,T$11:T$52) -> 27 | V41: =+L41 -> 9.6954999e-05 | W41: =+IFERROR(D41/$H41,0) -> 0.45454545 | X41: =+IFERROR(E41/$H41,0) -> 0.90909091 | Y41: =+IFERROR(F41/$H41,0) -> 1.8181818 | Z41: =+$BC$11 -> 1.032715 | AA41: =+CONCATENATE("Opg",A41,": ",$C41) -> Opg34: Terrænregulering | AD41: =+$AE41-(1/2)*$K41/GrandTotal_Priority -> 0.99995152 | AE41: 1 | AF41: =+$AE41+(1/2)*$K41/GrandTotal_Priority -> 1.0000485 | AG41: =+AF41-AD41 -> 9.6954999e-05 | AH41: =+AG41-L41 -> 1.6696713e-17 | AJ41: =+VLOOKUP($R41,$U$11:$AA$52,$V$9,FALSE) -> 4.3091111e-05 | AP41: =+CONCATENATE("#",R41,": ",VLOOKUP($R41,$U$11:$AA$52,$AA$9,FALSE)) -> #28: Opg32: Geoteknisk undersøg. | AS41: =+VLOOKUP($R41,$U$11:$AA$52,$W$9,FALSE) -> 0.5 | AT41: =+VLOOKUP($R41,$U$11:$AA$52,$Y$9,FALSE) -> 1.5 | AU41: =+VLOOKUP($R41,$U$11:$AA$52,$X$9,FALSE) -> 1
A42: 35 | B42: 1 | C42: Perimetersikring | D42: 1.5 | E42: 2 | F42: 3 | H42: =+$B42*(D42+FaktorA*E42+F42)/DivisorA -> 2.1 | I42: =+$B42*(F42-D42)/DivisorB -> 0.3 | J42: 1 | K42: =+I42*I42*J42 -> 0.09 | L42: =+(IF(GrandTotal_Priority<>0,K42/GrandTotal_Priority,"0")) -> 2.423875e-05 | O42: =+(IFERROR(((F42-E42)-(E42-D42))/E42,0)) -> 0.25 | Q42: 1 | R42: =+SUM(INDIRECT("q10:q"&ROW()-0)) -> 29 | S42: =+SUM(INDIRECT("q25:q"&ROW()-0)) -> 17 | T42: =+L42+R42*deltaId -> 2.713875e-05 | U42: =+RANK(T42,T$11:T$52) -> 29 | V42: =+L42 -> 2.423875e-05 | W42: =+IFERROR(D42/$H42,0) -> 0.71428571 | X42: =+IFERROR(E42/$H42,0) -> 0.95238095 | Y42: =+IFERROR(F42/$H42,0) -> 1.4285714 | Z42: =+$BC$11 -> 1.032715 | AA42: =+CONCATENATE("Opg",A42,": ",$C42) -> Opg35: Perimetersikring | AD42: =+$AE42-(1/2)*$K42/GrandTotal_Priority -> 0.99998788 | AE42: 1 | AF42: =+$AE42+(1/2)*$K42/GrandTotal_Priority -> 1.0000121 | AG42: =+AF42-AD42 -> 2.423875e-05 | AH42: =+AG42-L42 -> 4.1741784e-18 | AJ42: =+VLOOKUP($R42,$U$11:$AA$52,$V$9,FALSE) -> 2.423875e-05 | AP42: =+CONCATENATE("#",R42,": ",VLOOKUP($R42,$U$11:$AA$52,$AA$9,FALSE)) -> #29: Opg35: Perimetersikring | AS42: =+VLOOKUP($R42,$U$11:$AA$52,$W$9,FALSE) -> 0.71428571 | AT42: =+VLOOKUP($R42,$U$11:$AA$52,$Y$9,FALSE) -> 1.4285714 | AU42: =+VLOOKUP($R42,$U$11:$AA$52,$X$9,FALSE) -> 0.95238095
A43: 36 | B43: 1 | C43: Byggetilladelse | D43: 0.9 | E43: 1 | F43: 1.5 | H43: =+$B43*(D43+FaktorA*E43+F43)/DivisorA -> 1.08 | I43: =+$B43*(F43-D43)/DivisorB -> 0.12 | J43: 1 | K43: =+I43*I43*J43 -> 0.0144 | L43: =+(IF(GrandTotal_Priority<>0,K43/GrandTotal_Priority,"0")) -> 3.8782e-06 | O43: =+(IFERROR(((F43-E43)-(E43-D43))/E43,0)) -> 0.4 | Q43: 1 | R43: =+SUM(INDIRECT("q10:q"&ROW()-0)) -> 30 | S43: =+SUM(INDIRECT("q25:q"&ROW()-0)) -> 18 | T43: =+L43+R43*deltaId -> 6.8782e-06 | U43: =+RANK(T43,T$11:T$52) -> 33 | V43: =+L43 -> 3.8782e-06 | W43: =+IFERROR(D43/$H43,0) -> 0.83333333 | X43: =+IFERROR(E43/$H43,0) -> 0.92592593 | Y43: =+IFERROR(F43/$H43,0) -> 1.3888889 | Z43: =+$BC$11 -> 1.032715 | AA43: =+CONCATENATE("Opg",A43,": ",$C43) -> Opg36: Byggetilladelse | AD43: =+$AE43-(1/2)*$K43/GrandTotal_Priority -> 0.99999806 | AE43: 1 | AF43: =+$AE43+(1/2)*$K43/GrandTotal_Priority -> 1.0000019 | AG43: =+AF43-AD43 -> 3.8782e-06 | AH43: =+AG43-L43 -> -3.4859641e-17 | AJ43: =+VLOOKUP($R43,$U$11:$AA$52,$V$9,FALSE) -> 1.5089131e-05 | AP43: =+CONCATENATE("#",R43,": ",VLOOKUP($R43,$U$11:$AA$52,$AA$9,FALSE)) -> #30: Opg24: Tilsyn | AS43: =+VLOOKUP($R43,$U$11:$AA$52,$W$9,FALSE) -> 0.58823529 | AT43: =+VLOOKUP($R43,$U$11:$AA$52,$Y$9,FALSE) -> 1.4705882 | AU43: =+VLOOKUP($R43,$U$11:$AA$52,$X$9,FALSE) -> 0.98039216
A44: 37 | B44: 1 | C44: Forsikringer | D44: 0.5 | E44: 1 | F44: 1.5 | H44: =+$B44*(D44+FaktorA*E44+F44)/DivisorA -> 1 | I44: =+$B44*(F44-D44)/DivisorB -> 0.2 | J44: 1 | K44: =+I44*I44*J44 -> 0.04 | L44: =+(IF(GrandTotal_Priority<>0,K44/GrandTotal_Priority,"0")) -> 1.0772778e-05 | O44: =+(IFERROR(((F44-E44)-(E44-D44))/E44,0)) -> 0 | Q44: 1 | R44: =+SUM(INDIRECT("q10:q"&ROW()-0)) -> 31 | S44: =+SUM(INDIRECT("q25:q"&ROW()-0)) -> 19 | T44: =+L44+R44*deltaId -> 1.3872778e-05 | U44: =+RANK(T44,T$11:T$52) -> 32 | V44: =+L44 -> 1.0772778e-05 | W44: =+IFERROR(D44/$H44,0) -> 0.5 | X44: =+IFERROR(E44/$H44,0) -> 1 | Y44: =+IFERROR(F44/$H44,0) -> 1.5 | Z44: =+$BC$11 -> 1.032715 | AA44: =+CONCATENATE("Opg",A44,": ",$C44) -> Opg37: Forsikringer | AD44: =+$AE44-(1/2)*$K44/GrandTotal_Priority -> 0.99999461 | AE44: 1 | AF44: =+$AE44+(1/2)*$K44/GrandTotal_Priority -> 1.0000054 | AG44: =+AF44-AD44 -> 1.0772778e-05 | AH44: =+AG44-L44 -> -9.6834501e-17 | AJ44: =+VLOOKUP($R44,$U$11:$AA$52,$V$9,FALSE) -> 1.5089131e-05 | AP44: =+CONCATENATE("#",R44,": ",VLOOKUP($R44,$U$11:$AA$52,$AA$9,FALSE)) -> #31: Opg23: Byggeledelse | AS44: =+VLOOKUP($R44,$U$11:$AA$52,$W$9,FALSE) -> 0.58823529 | AT44: =+VLOOKUP($R44,$U$11:$AA$52,$Y$9,FALSE) -> 1.4705882 | AU44: =+VLOOKUP($R44,$U$11:$AA$52,$X$9,FALSE) -> 0.98039216
A45: 38 | B45: 1 | C45: Finansiering | D45: =+E45*60% -> 4.752759 | E45: =2.5%*SUM(H27:H44) -> 7.921265 | F45: =+E45*150% -> 11.881898 | H45: =+$B45*(D45+FaktorA*E45+F45)/DivisorA -> 8.0796903 | I45: =+$B45*(F45-D45)/DivisorB -> 1.4258277 | J45: 1 | K45: =+I45*I45*J45 -> 2.0329846 | L45: =+(IF(GrandTotal_Priority<>0,K45/GrandTotal_Priority,"0")) -> 0.00054752229 | N45: En % sats af alle omkostningerne (middel). | O45: =+(IFERROR(((F45-E45)-(E45-D45))/E45,0)) -> 0.1 | Q45: 1 | R45: =+SUM(INDIRECT("q10:q"&ROW()-0)) -> 32 | S45: =+SUM(INDIRECT("q25:q"&ROW()-0)) -> 20 | T45: =+L45+R45*deltaId -> 0.00055072229 | U45: =+RANK(T45,T$11:T$52) -> 22 | V45: =+L45 -> 0.00054752229 | W45: =+IFERROR(D45/$H45,0) -> 0.58823529 | X45: =+IFERROR(E45/$H45,0) -> 0.98039216 | Y45: =+IFERROR(F45/$H45,0) -> 1.4705882 | Z45: =+$BC$11 -> 1.032715 | AA45: =+CONCATENATE("Opg",A45,": ",$C45) -> Opg38: Finansiering | AD45: =+$AE45-(1/2)*$K45/GrandTotal_Priority -> 0.99972624 | AE45: 1 | AF45: =+$AE45+(1/2)*$K45/GrandTotal_Priority -> 1.0002738 | AG45: =+AF45-AD45 -> 0.00054752229 | AH45: =+AG45-L45 -> -7.3942588e-17 | AJ45: =+VLOOKUP($R45,$U$11:$AA$52,$V$9,FALSE) -> 1.0772778e-05 | AP45: =+CONCATENATE("#",R45,": ",VLOOKUP($R45,$U$11:$AA$52,$AA$9,FALSE)) -> #32: Opg37: Forsikringer | AS45: =+VLOOKUP($R45,$U$11:$AA$52,$W$9,FALSE) -> 0.5 | AT45: =+VLOOKUP($R45,$U$11:$AA$52,$Y$9,FALSE) -> 1.5 | AU45: =+VLOOKUP($R45,$U$11:$AA$52,$X$9,FALSE) -> 1
A46: 40 | B46: 1 | C46: Andet | D46: 20 | E46: 45 | F46: 75 | G46: =+SUM(H46)/Mean_Tasks -> 0.12013885 | H46: =+$B46*(D46+FaktorA*E46+F46)/DivisorA -> 46 | I46: =+$B46*(F46-D46)/DivisorB -> 11 | J46: 1 | K46: =+I46*I46*J46 -> 121 | L46: =+(IF(GrandTotal_Priority<>0,K46/GrandTotal_Priority,"0")) -> 0.032587653 | N46: Alt andet. | O46: =+(IFERROR(((F46-E46)-(E46-D46))/E46,0)) -> 0.11111111 | Q46: 1 | R46: =+SUM(INDIRECT("q10:q"&ROW()-0)) -> 33 | S46: =+SUM(INDIRECT("q25:q"&ROW()-0)) -> 21 | T46: =+L46+R46*deltaId -> 0.032590953 | U46: =+RANK(T46,T$11:T$52) -> 9 | V46: =+L46 -> 0.032587653 | W46: =+IFERROR(D46/$H46,0) -> 0.43478261 | X46: =+IFERROR(E46/$H46,0) -> 0.97826087 | Y46: =+IFERROR(F46/$H46,0) -> 1.6304348 | Z46: =+$BC$11 -> 1.032715 | AA46: =+CONCATENATE("Opg",A46,": ",$C46) -> Opg40: Andet | AD46: =+$AE46-(1/2)*$K46/GrandTotal_Priority -> 0.98370617 | AE46: 1 | AF46: =+$AE46+(1/2)*$K46/GrandTotal_Priority -> 1.0162938 | AG46: =+AF46-AD46 -> 0.032587653 | AH46: =+AG46-L46 -> 6.9388939e-17 | AJ46: =+VLOOKUP($R46,$U$11:$AA$52,$V$9,FALSE) -> 3.8782e-06 | AP46: =+CONCATENATE("#",R46,": ",VLOOKUP($R46,$U$11:$AA$52,$AA$9,FALSE)) -> #33: Opg36: Byggetilladelse | AS46: =+VLOOKUP($R46,$U$11:$AA$52,$W$9,FALSE) -> 0.83333333 | AT46: =+VLOOKUP($R46,$U$11:$AA$52,$Y$9,FALSE) -> 1.3888889 | AU46: =+VLOOKUP($R46,$U$11:$AA$52,$X$9,FALSE) -> 0.92592593
C47: Det uforudseelige - Unknown Unknowns | H47: =+$H$10 -> Middel | I47: =+$I$10 -> Std | J47: S(%) | K47: =+$K$10 -> Var
A48: 97 | B48: 1 | C48: Antal UF'ere (Unk Unks) | D48: 1 | E48: 5 | F48: 10 | H48: =+B48*(D48+FaktorA*E48+F48)/DivisorA -> 5.2 | I48: =+$B48*(F48-D48)/DivisorB -> 1.8 | J48: =+IFERROR(I48/H48,0) -> 0.34615385 | K48: =+(H48*J48*H49)^2*J50 -> 17.1396 | N48: Tænk på et tidligere projekt. Hvor mange Unknown Unknowns dukkede op?
B49: =+B48 -> 1 | C49: Værdi per Unknown Unknowns | D49: 0.5 | E49: 2 | F49: 5 | H49: =+B49*(D49+FaktorA*E49+F49)/DivisorA -> 2.3 | I49: =+$B49*(F49-D49)/DivisorB -> 0.9 | J49: =+IFERROR(I49/H49,0) -> 0.39130435 | K49: =+(H48*J49*H49)^2*J50 -> 21.9024 | N49: Tænk på et tidligere projekt. Hvor lang tid tog de i gennemsnit?
A50: =+A48 -> 97 | B50: =+B48 -> 1 | C50: UF'ere (Unk Unks) | D50: =+$E50-(5/2)*$I50 -> -3.6608995 | E50: =+H50 -> 11.96 | F50: =+$E50+(5/2)*$I50 -> 27.580899 | G50: =+SUM(H50)/Mean_Tasks -> 0.031236102 | H50: =+H48*H49 -> 11.96 | I50: =+SQRT(K50) -> 6.2483598 | J50: 1 | K50: =+SUM(K48:K49)*J50 -> 39.042 | L50: =+(IF(GrandTotal_Priority<>0,K50/GrandTotal_Priority,0)) -> 0.01051477 | N50: Min, M.S. og Max værdierne inkluderer TF. | O50: =+(IFERROR(((F50-E50)-(E50-D50))/E50,0)) -> 1.4852482e-16 | Q50: 1 | R50: =+SUM(INDIRECT("q10:q"&ROW()-0)) -> 34 | S50: =+SUM(INDIRECT("q25:q"&ROW()-0)) -> 22 | T50: =+L50+R50*deltaId -> 0.01051817 | U50: =+RANK(T50,T$11:T$52) -> 13 | V50: =+L50 -> 0.01051477 | W50: =+IFERROR(D50/$H50,0) -> -0.30609527 | X50: =+IFERROR(E50/$H50,0) -> 1 | Y50: =+IFERROR(F50/$H50,0) -> 2.3060953 | Z50: =+$BC$11 -> 1.032715 | AA50: =+CONCATENATE("Opg",A50,": ",$C50) -> Opg97: UF'ere (Unk Unks) | AD50: =+$AE50-$K50/GrandTotal_Priority*(1/2) -> 0.99474262 | AE50: 1 | AF50: =+$AE50+$K50/GrandTotal_Priority*(1/2) -> 1.0052574 | AG50: =+AF50-AD50 -> 0.01051477 | AH50: =+AG50-L50 -> -3.2959746e-17 | AJ50: =+VLOOKUP($R50,$U$11:$AA$52,$V$9,FALSE) -> #N/A | AP50: =+CONCATENATE("#",R50,": ",VLOOKUP($R50,$U$11:$AA$52,$AA$9,FALSE)) -> #N/A
C51: Relative værdier | D51: =+IFERROR(D50/$E50,0) -> -0.30609527 | E51: 1 | F51: =+IFERROR(F50/$E50,0) -> 2.3060953
K52: =+SUM(K27:K47)+K50 -> 928.81278 | L52: =+SUM(L27:L47)+SUM(L50:L51) -> 0.25014734 | N52: Sum af Opgaverne
H53: =+SUM(H27:H47)+H50 -> 382.89029 | I53: Samlet middelværdi uden GU
A55: HOVED-RESULTATERNE
D58: =+$D$10 -> Min | E58: =+$H$10 -> Middel | F58: =+$F$10 -> Max | H58: S(%) | I58: =$I$10 -> Std | J58: =$K$10 -> Var
C59: Positive side | D59: =+E59-2.5*I59 -> #REF! | E59: =+SUMIFS($H$11:$H$22,$H$11:$H$22,">=0")+SUMIFS($H$27:$H$39,$H$27:$H$39,">=0")+IF($H$50>=0,$H$50)+IF(#REF!>=0,#REF!)+IF(#REF!>=0,#REF!) -> #REF! | F59: =+E59+2.5*I59 -> #REF! | H59: =+IFERROR(ABS(I59/E59),0) -> 0 | I59: =+SQRT(J59) -> #REF! | J59: =+SUMIFS($K$11:$K$22,$H$11:$H$22,">=0")+SUMIFS($K$27:$K$39,$H$27:$H$39,">=0")+IF($K$50>=0,$K$50)+IF(#REF!>=0,#REF!)+IF(#REF!>=0,#REF!) -> #REF! | L59: =+IFERROR(ABS(E59)/$L$64,0) -> 0
D62: =+$D$10 -> Min | E62: =+$H$10 -> Middel | F62: =+$F$10 -> Max | H62: S(%) | I62: =$I$10 -> Std | J62: =$K$10 -> Var
C63: Negative side | D63: =+E63-2.5*I63 -> #REF! | E63: =+SUMIFS($H$11:$H$22,$H$11:$H$22,"<0")+SUMIFS($H$27:$H$39,$H$27:$H$39,"<0")+IF($H$50<0,$H$50)+IF(#REF!<0,#REF!)+IF(#REF!<0,#REF!) -> #REF! | F63: =+E63+2.5*I63 -> #REF! | H63: =+IFERROR(ABS(I63/E63),0) -> 0 | I63: =+SQRT(J63) -> #REF! | J63: =+SUMIFS($K$11:$K$22,$H$11:$H$22,"<0")+SUMIFS($K$27:$K$39,$H$27:$H$39,"<0")+IF($K$50<0,$K$50)+IF(#REF!<0,#REF!)+IF(#REF!<0,#REF!) -> #REF! | L63: =+IFERROR(ABS(E63)/$L$64,0) -> 0
L64: =+ABS(E59)+ABS(E63) -> #REF!
G66: =+E178 -> Budgettet er med 68% sandsynlighed mellem 88 to 112 % af Middelværdien.
D67: =+$BB$10 -> Min | E67: =+$BE$10 -> Middel | F67: =+$BD$10 -> Max | H67: =+$I$10 -> Std | J67: =+$I$10 -> Std | K67: =+$K$10 -> Var
A68: Hoved resultatet: | D68: =+GrandTotal-(5/2)*GrandTotal_StDev -> 351.05303 | E68: =+Mean_Tasks+Mean_GUs -> 503.39029 | F68: =+GrandTotal+(5/2)*GrandTotal_StDev -> 655.72756 | H68: =+IFERROR(J68/E68,0) -> 0.12104903 | J68: =+SQRT(GrandTotal_Priority) -> 60.934906 | K68: =+Var_Sum_GeneralUncert+Var_Sum_Tasks -> 3713.0628
D69: Middel - 2,5*S | F69: Middel + 2,5*S | L69: Include GU: | M69: 0 | N69: 0: Vise GU særskilt eller 1: Inkluder dem i posterne
D70: =+D68/$E$68 -> 0.69737743 | E70: =+E68/$E$68 -> 1 | F70: =+F68/$E$68 -> 1.3026226 | G70: af Middel
E72: Under | F72: Over
A73: Antaget BUDGET: | D73: 0.85 | E73: =CurveData!$D$7 -> 0.85000233 | F73: =1-E73 -> 0.14999767 | H73: =+$E$68+$J$68*J73 -> 566.54526 | I73: =+Units -> Mill. | J73: =+_xlfn.NORM.INV(D73,0,1) -> 1.0364334 | K73: =+CONCATENATE("Budget = Middel ",IF(D73>=50%,"+",""),ROUND(Budget_NoStd,2)," * Std.") -> Budget = Middel +1,04 * Std.
E74: =+Budget_Chosen/GrandTotal -> 1.1254593 | F74: Budget faktor
A75: Budgettet er vurderet som: | D75: =+IF(Budget_Pii>95%,"Meget robust",IF(Budget_Pii>75%,"Robust",IF(Budget_Pii>50%,"Robust'ish",IF(Budget_Pii>30%,"Optimistisk",IF(Budget_Pii>15%,"Meget Optimistisk","Correct?"))))) -> Robust
A76: Ekstra budget plot i S-kurven: | D76: 0.95 | I76: Usikkerheden i analysen U(P(xx))= | J76: =+Project_Uncertainty -> 0.12545926 | K76: (P85-P50)/P50
A78: OPGAVE BUDGET
I80: =+HLOOKUP(H81,D81:F82,2,FALSE) -> Alle elementer * B.Faktor | S80: DeltaId: | T80: -1e-05
D81: 1 | E81: 2 | F81: 3 | H81: 2 | I81: =+_xlfn.CONCAT("Top 10: ",I80," and P(",TEXT(D73*100,"##"),")") -> Top 10: Alle elementer * B.Faktor and P(85) | T81: no*Delta | V81: Original
D82: Alle elementer | E82: Alle elementer * B.Faktor | F82: Budget inkl. GU. | H82: Mangler | J82: ETC | U82: 1 | V82: =+U82+1 -> 2 | W82: =+V82+1 -> 3 | X82: =+W82+1 -> 4 | Y82: =+X82+1 -> 5 | Z82: =+Y82+1 -> 6 | AA82: =+Z82+1 -> 7
A83: Don't hide | C83: =+_xlfn.CONCAT(C26," & ",C10) -> Opgaver & Generelle Usikkerheder | D83: =+$H$10 -> Middel | E83: Budget | F83: Budget | H83: ETC % | J83: Budget | R83: No. | S83: Local No. | T83: Value | U83: Rank | V83: Value | Z83: Type | AA83: Text | BQ83: Value | BS83: Text
A84: 1 | B84: =+C26 -> Opgaver | C84: =+C27 -> Nedbrydning | D84: =+H27 -> 14 | E84: =+D84*Budget_Factor -> 15.75643 | F84: =+D84*TF_Total*Budget_Factor -> 20.71516 | H84: 1 | I84: 1 | J84: =+F84*H84 -> 20.71516 | K84: Opg. | Q84: 1 | R84: 1 | S84: =+SUM(INDIRECT("q92:q"&ROW()-0)) -> 9 | T84: =+(IF($H$81=1,D84,0)+IF($H$81=2,E84,0)+IF($H$81=3,F84,0))+R84*deltaId_Budget -> 15.75642 | U84: =+RANK(T84,T$84:T$116,0) -> 10 | V84: =+(IF($H$81=1,D84,0)+IF($H$81=2,E84,0)+IF($H$81=3,F84,0))*IF($H$81=3,I84,1) -> 15.75643 | Z84: =+$BC$11 -> 1.032715 | AA84: =+CONCATENATE($K84,"",S84,": ",$C84) -> Opg.9: Nedbrydning | BQ84: =+VLOOKUP($R84,$U$84:$AA$117,$V$82,FALSE) -> 118.17322 | BS84: =+CONCATENATE("#",R84,": ",VLOOKUP($R84,$U$84:$AA$117,$AA$82,FALSE)) -> #1: Opg.7: Råhus
A85: =+A84+1 -> 2 | C85: =+C28 -> Byggeplads | D85: =+H28 -> 33 | E85: =+D85*Budget_Factor -> 37.140155 | F85: =+D85*TF_Total*Budget_Factor -> 48.828592 | H85: 1 | I85: 1 | J85: =+F85*H85 -> 48.828592 | K85: =+$K$84 -> Opg. | Q85: 1 | R85: =+R84+1 -> 2 | S85: =+SUM(INDIRECT("q92:q"&ROW()-0)) -> 8 | T85: =+(IF($H$81=1,D85,0)+IF($H$81=2,E85,0)+IF($H$81=3,F85,0))+R85*deltaId_Budget -> 37.140135 | U85: =+RANK(T85,T$84:T$116,0) -> 5 | V85: =+(IF($H$81=1,D85,0)+IF($H$81=2,E85,0)+IF($H$81=3,F85,0))*IF($H$81=3,I85,1) -> 37.140155 | Z85: =+$BC$11 -> 1.032715 | AA85: =+CONCATENATE($K85,"",S85,": ",$C85) -> Opg.8: Byggeplads | BQ85: =+VLOOKUP($R85,$U$84:$AA$117,$V$82,FALSE) -> 55.147504 | BS85: =+CONCATENATE("#",R85,": ",VLOOKUP($R85,$U$84:$AA$117,$AA$82,FALSE)) -> #2: Opg.5: Aptering
A86: =+A85+1 -> 3 | C86: =+C29 -> Råhus | D86: =+H29 -> 105 | E86: =+D86*Budget_Factor -> 118.17322 | F86: =+D86*TF_Total*Budget_Factor -> 155.3637 | H86: 1 | I86: 1 | J86: =+F86*H86 -> 155.3637 | K86: =+$K$84 -> Opg. | Q86: 1 | R86: =+R85+1 -> 3 | S86: =+SUM(INDIRECT("q92:q"&ROW()-0)) -> 7 | T86: =+(IF($H$81=1,D86,0)+IF($H$81=2,E86,0)+IF($H$81=3,F86,0))+R86*deltaId_Budget -> 118.17319 | U86: =+RANK(T86,T$84:T$116,0) -> 1 | V86: =+(IF($H$81=1,D86,0)+IF($H$81=2,E86,0)+IF($H$81=3,F86,0))*IF($H$81=3,I86,1) -> 118.17322 | Z86: =+$BC$11 -> 1.032715 | AA86: =+CONCATENATE($K86,"",S86,": ",$C86) -> Opg.7: Råhus | BQ86: =+VLOOKUP($R86,$U$84:$AA$117,$V$82,FALSE) -> 51.771126 | BS86: =+CONCATENATE("#",R86,": ",VLOOKUP($R86,$U$84:$AA$117,$AA$82,FALSE)) -> #3: Opg.12: Andet
A87: =+A86+1 -> 4 | C87: =+C30 -> Lukning | D87: =+H30 -> 10.2 | E87: =+D87*Budget_Factor -> 11.479684 | F87: =+D87*TF_Total*Budget_Factor -> 15.092474 | H87: 1 | I87: 1 | J87: =+F87*H87 -> 15.092474 | K87: =+$K$84 -> Opg. | Q87: 1 | R87: =+R86+1 -> 4 | S87: =+SUM(INDIRECT("q92:q"&ROW()-0)) -> 6 | T87: =+(IF($H$81=1,D87,0)+IF($H$81=2,E87,0)+IF($H$81=3,F87,0))+R87*deltaId_Budget -> 11.479644 | U87: =+RANK(T87,T$84:T$116,0) -> 17 | V87: =+(IF($H$81=1,D87,0)+IF($H$81=2,E87,0)+IF($H$81=3,F87,0))*IF($H$81=3,I87,1) -> 11.479684 | Z87: =+$BC$11 -> 1.032715 | AA87: =+CONCATENATE($K87,"",S87,": ",$C87) -> Opg.6: Lukning | BQ87: =+VLOOKUP($R87,$U$84:$AA$117,$V$82,FALSE) -> 45.01837 | BS87: =+CONCATENATE("#",R87,": ",VLOOKUP($R87,$U$84:$AA$117,$AA$82,FALSE)) -> #4: Opg.4: Installationer
A88: =+A87+1 -> 5 | C88: =+C31 -> Aptering | D88: =+H31 -> 49 | E88: =+D88*Budget_Factor -> 55.147504 | F88: =+D88*TF_Total*Budget_Factor -> 72.50306 | H88: 1 | I88: 1 | J88: =+F88*H88 -> 72.50306 | K88: =+$K$84 -> Opg. | Q88: 1 | R88: =+R87+1 -> 5 | S88: =+SUM(INDIRECT("q92:q"&ROW()-0)) -> 5 | T88: =+(IF($H$81=1,D88,0)+IF($H$81=2,E88,0)+IF($H$81=3,F88,0))+R88*deltaId_Budget -> 55.147454 | U88: =+RANK(T88,T$84:T$116,0) -> 2 | V88: =+(IF($H$81=1,D88,0)+IF($H$81=2,E88,0)+IF($H$81=3,F88,0))*IF($H$81=3,I88,1) -> 55.147504 | Z88: =+$BC$11 -> 1.032715 | AA88: =+CONCATENATE($K88,"",S88,": ",$C88) -> Opg.5: Aptering | BQ88: =+VLOOKUP($R88,$U$84:$AA$117,$V$82,FALSE) -> 37.140155 | BS88: =+CONCATENATE("#",R88,": ",VLOOKUP($R88,$U$84:$AA$117,$AA$82,FALSE)) -> #5: Opg.8: Byggeplads
A89: =+A88+1 -> 6 | C89: =+C32 -> Installationer | D89: =+H32 -> 40 | E89: =+D89*Budget_Factor -> 45.01837 | F89: =+D89*TF_Total*Budget_Factor -> 59.186172 | H89: 1 | I89: 1 | J89: =+F89*H89 -> 59.186172 | K89: =+$K$84 -> Opg. | Q89: 1 | R89: =+R88+1 -> 6 | S89: =+SUM(INDIRECT("q92:q"&ROW()-0)) -> 4 | T89: =+(IF($H$81=1,D89,0)+IF($H$81=2,E89,0)+IF($H$81=3,F89,0))+R89*deltaId_Budget -> 45.01831 | U89: =+RANK(T89,T$84:T$116,0) -> 4 | V89: =+(IF($H$81=1,D89,0)+IF($H$81=2,E89,0)+IF($H$81=3,F89,0))*IF($H$81=3,I89,1) -> 45.01837 | Z89: =+$BC$11 -> 1.032715 | AA89: =+CONCATENATE($K89,"",S89,": ",$C89) -> Opg.4: Installationer | BQ89: =+VLOOKUP($R89,$U$84:$AA$117,$V$82,FALSE) -> 21.383726 | BS89: =+CONCATENATE("#",R89,": ",VLOOKUP($R89,$U$84:$AA$117,$AA$82,FALSE)) -> #6: G.U.4: Krav- og kvalitets-styring
A90: =+A89+1 -> 7 | C90: =+C33 -> Landskab | D90: =+H33 -> 11.8 | E90: =+D90*Budget_Factor -> 13.280419 | F90: =+D90*TF_Total*Budget_Factor -> 17.459921 | H90: 1 | I90: 1 | J90: =+F90*H90 -> 17.459921 | K90: =+$K$84 -> Opg. | Q90: 1 | R90: =+R89+1 -> 7 | S90: =+SUM(INDIRECT("q92:q"&ROW()-0)) -> 3 | T90: =+(IF($H$81=1,D90,0)+IF($H$81=2,E90,0)+IF($H$81=3,F90,0))+R90*deltaId_Budget -> 13.280349 | U90: =+RANK(T90,T$84:T$116,0) -> 15 | V90: =+(IF($H$81=1,D90,0)+IF($H$81=2,E90,0)+IF($H$81=3,F90,0))*IF($H$81=3,I90,1) -> 13.280419 | Z90: =+$BC$11 -> 1.032715 | AA90: =+CONCATENATE($K90,"",S90,": ",$C90) -> Opg.3: Landskab | BQ90: =+VLOOKUP($R90,$U$84:$AA$117,$V$82,FALSE) -> 20.258267 | BS90: =+CONCATENATE("#",R90,": ",VLOOKUP($R90,$U$84:$AA$117,$AA$82,FALSE)) -> #7: Opg.4: Grundkøb
A91: =+A90+1 -> 8 | C91: =+C34 -> Projektering | D91: =+H34 -> 13.2815 | E91: =+D91*Budget_Factor -> 14.947787 | F91: =+D91*TF_Total*Budget_Factor -> 19.652028 | H91: 1 | I91: 1 | J91: =+F91*H91 -> 19.652028 | K91: =+$K$84 -> Opg. | Q91: 1 | R91: =+R90+1 -> 8 | S91: =+SUM(INDIRECT("q92:q"&ROW()-0)) -> 2 | T91: =+(IF($H$81=1,D91,0)+IF($H$81=2,E91,0)+IF($H$81=3,F91,0))+R91*deltaId_Budget -> 14.947707 | U91: =+RANK(T91,T$84:T$116,0) -> 13 | V91: =+(IF($H$81=1,D91,0)+IF($H$81=2,E91,0)+IF($H$81=3,F91,0))*IF($H$81=3,I91,1) -> 14.947787 | Z91: =+$BC$11 -> 1.032715 | AA91: =+CONCATENATE($K91,"",S91,": ",$C91) -> Opg.2: Projektering | BQ91: =+VLOOKUP($R91,$U$84:$AA$117,$V$82,FALSE) -> 19.132807 | BS91: =+CONCATENATE("#",R91,": ",VLOOKUP($R91,$U$84:$AA$117,$AA$82,FALSE)) -> #8: G.U.2: Geografisk-indeks
A92: =+A91+1 -> 9 | C92: =+C35 -> Rådgivning | D92: =+H35 -> 6.7065 | E92: =+D92*Budget_Factor -> 7.5478925 | F92: =+D92*TF_Total*Budget_Factor -> 9.9233015 | H92: 1 | I92: 1 | J92: =+F92*H92 -> 9.9233015 | K92: =+$K$84 -> Opg. | Q92: 1 | R92: =+R91+1 -> 9 | S92: =+SUM(INDIRECT("q92:q"&ROW()-0)) -> 1 | T92: =+(IF($H$81=1,D92,0)+IF($H$81=2,E92,0)+IF($H$81=3,F92,0))+R92*deltaId_Budget -> 7.5478025 | U92: =+RANK(T92,T$84:T$116,0) -> 21 | V92: =+(IF($H$81=1,D92,0)+IF($H$81=2,E92,0)+IF($H$81=3,F92,0))*IF($H$81=3,I92,1) -> 7.5478925 | Z92: =+$BC$11 -> 1.032715 | AA92: =+CONCATENATE($K92,"",S92,": ",$C92) -> Opg.1: Rådgivning | BQ92: =+VLOOKUP($R92,$U$84:$AA$117,$V$82,FALSE) -> 18.007348 | BS92: =+CONCATENATE("#",R92,": ",VLOOKUP($R92,$U$84:$AA$117,$AA$82,FALSE)) -> #9: G.U.6: Eksterne forhold
A93: =+A92+1 -> 10 | C93: =+C36 -> Byggeledelse | D93: =+H36 -> 1.3413 | E93: =+D93*Budget_Factor -> 1.5095785 | F93: =+D93*TF_Total*Budget_Factor -> 1.9846603 | H93: 1 | I93: 1 | J93: =+F93*H93 -> 1.9846603 | K93: =+$K$84 -> Opg. | Q93: 1 | R93: =+R92+1 -> 10 | S93: =+SUM(INDIRECT("q92:q"&ROW()-0)) -> 2 | T93: =+(IF($H$81=1,D93,0)+IF($H$81=2,E93,0)+IF($H$81=3,F93,0))+R93*deltaId_Budget -> 1.5094785 | U93: =+RANK(T93,T$84:T$116,0) -> 29 | V93: =+(IF($H$81=1,D93,0)+IF($H$81=2,E93,0)+IF($H$81=3,F93,0))*IF($H$81=3,I93,1) -> 1.5095785 | Z93: =+$BC$11 -> 1.032715 | AA93: =+CONCATENATE($K93,"",S93,": ",$C93) -> Opg.2: Byggeledelse | BQ93: =+VLOOKUP($R93,$U$84:$AA$117,$V$82,FALSE) -> 15.75643 | BS93: =+CONCATENATE("#",R93,": ",VLOOKUP($R93,$U$84:$AA$117,$AA$82,FALSE)) -> #10: Opg.9: Nedbrydning
C94: =+C37 -> Tilsyn | D94: =+H37 -> 1.3413 | E94: =+D94*Budget_Factor -> 1.5095785 | F94: =+D94*TF_Total*Budget_Factor -> 1.9846603 | H94: 1 | I94: 1 | J94: =+F94*H94 -> 1.9846603 | K94: =+$K$84 -> Opg. | Q94: 1 | R94: =+R93+1 -> 11 | S94: =+SUM(INDIRECT("q92:q"&ROW()-0)) -> 3 | T94: =+(IF($H$81=1,D94,0)+IF($H$81=2,E94,0)+IF($H$81=3,F94,0))+R94*deltaId_Budget -> 1.5094685 | U94: =+RANK(T94,T$84:T$116,0) -> 30 | V94: =+(IF($H$81=1,D94,0)+IF($H$81=2,E94,0)+IF($H$81=3,F94,0))*IF($H$81=3,I94,1) -> 1.5095785 | Z94: =+$BC$11 -> 1.032715 | AA94: =+CONCATENATE($K94,"",S94,": ",$C94) -> Opg.3: Tilsyn | BQ94: =+VLOOKUP($R94,$U$84:$AA$117,$V$82,FALSE) -> 15.75643 | BS94: =+CONCATENATE("#",R94,": ",VLOOKUP($R94,$U$84:$AA$117,$AA$82,FALSE)) -> #11: G.U.11: Kontraktstrategi
C95: =+C38 -> Grundkøb | D95: =+H38 -> 18 | E95: =+D95*Budget_Factor -> 20.258267 | F95: =+D95*TF_Total*Budget_Factor -> 26.633777 | H95: 1 | I95: 1 | J95: =+F95*H95 -> 26.633777 | K95: =+$K$84 -> Opg. | Q95: 1 | R95: =+R94+1 -> 12 | S95: =+SUM(INDIRECT("q92:q"&ROW()-0)) -> 4 | T95: =+(IF($H$81=1,D95,0)+IF($H$81=2,E95,0)+IF($H$81=3,F95,0))+R95*deltaId_Budget -> 20.258147 | U95: =+RANK(T95,T$84:T$116,0) -> 7 | V95: =+(IF($H$81=1,D95,0)+IF($H$81=2,E95,0)+IF($H$81=3,F95,0))*IF($H$81=3,I95,1) -> 20.258267 | Z95: =+$BC$11 -> 1.032715 | AA95: =+CONCATENATE($K95,"",S95,": ",$C95) -> Opg.4: Grundkøb | BQ95: =+VLOOKUP($R95,$U$84:$AA$117,$V$82,FALSE) -> 15.75643 | BS95: =+CONCATENATE("#",R95,": ",VLOOKUP($R95,$U$84:$AA$117,$AA$82,FALSE)) -> #12: G.U.9: Kompet. & Erfa. niveau
C96: =+C39 -> Geoteknisk undersøg. | D96: =+H39 -> 2 | E96: =+D96*Budget_Factor -> 2.2509185 | F96: =+D96*TF_Total*Budget_Factor -> 2.9593086 | H96: 1 | I96: 1 | J96: =+F96*H96 -> 2.9593086 | K96: =+$K$84 -> Opg. | Q96: 1 | R96: =+R95+1 -> 13 | S96: =+SUM(INDIRECT("q92:q"&ROW()-0)) -> 5 | T96: =+(IF($H$81=1,D96,0)+IF($H$81=2,E96,0)+IF($H$81=3,F96,0))+R96*deltaId_Budget -> 2.2507885 | U96: =+RANK(T96,T$84:T$116,0) -> 28 | V96: =+(IF($H$81=1,D96,0)+IF($H$81=2,E96,0)+IF($H$81=3,F96,0))*IF($H$81=3,I96,1) -> 2.2509185 | Z96: =+$BC$11 -> 1.032715 | AA96: =+CONCATENATE($K96,"",S96,": ",$C96) -> Opg.5: Geoteknisk undersøg. | BQ96: =+VLOOKUP($R96,$U$84:$AA$117,$V$82,FALSE) -> 14.947787 | BS96: =+CONCATENATE("#",R96,": ",VLOOKUP($R96,$U$84:$AA$117,$AA$82,FALSE)) -> #13: Opg.2: Projektering
C97: =+C40 -> Interne veje | D97: =+H40 -> 4.8 | E97: =+D97*Budget_Factor -> 5.4022044 | F97: =+D97*TF_Total*Budget_Factor -> 7.1023406 | H97: 1 | I97: 1 | J97: =+F97*H97 -> 7.1023406 | K97: =+$K$84 -> Opg. | Q97: 1 | R97: =+R96+1 -> 14 | S97: =+SUM(INDIRECT("q92:q"&ROW()-0)) -> 6 | T97: =+(IF($H$81=1,D97,0)+IF($H$81=2,E97,0)+IF($H$81=3,F97,0))+R97*deltaId_Budget -> 5.4020644 | U97: =+RANK(T97,T$84:T$116,0) -> 24 | V97: =+(IF($H$81=1,D97,0)+IF($H$81=2,E97,0)+IF($H$81=3,F97,0))*IF($H$81=3,I97,1) -> 5.4022044 | Z97: =+$BC$11 -> 1.032715 | AA97: =+CONCATENATE($K97,"",S97,": ",$C97) -> Opg.6: Interne veje | BQ97: =+VLOOKUP($R97,$U$84:$AA$117,$V$82,FALSE) -> 13.460493 | BS97: =+CONCATENATE("#",R97,": ",VLOOKUP($R97,$U$84:$AA$117,$AA$82,FALSE)) -> #14: Opg.13: UF'ere (Unk Unks)
C98: =+C41 -> Terrænregulering | D98: =+H41 -> 2.2 | E98: =+D98*Budget_Factor -> 2.4760104 | F98: =+D98*TF_Total*Budget_Factor -> 3.2552394 | H98: 1 | I98: 1 | J98: =+F98*H98 -> 3.2552394 | K98: =+$K$84 -> Opg. | Q98: 1 | R98: =+R97+1 -> 15 | S98: =+SUM(INDIRECT("q92:q"&ROW()-0)) -> 7 | T98: =+(IF($H$81=1,D98,0)+IF($H$81=2,E98,0)+IF($H$81=3,F98,0))+R98*deltaId_Budget -> 2.4758604 | U98: =+RANK(T98,T$84:T$116,0) -> 26 | V98: =+(IF($H$81=1,D98,0)+IF($H$81=2,E98,0)+IF($H$81=3,F98,0))*IF($H$81=3,I98,1) -> 2.4760104 | Z98: =+$BC$11 -> 1.032715 | AA98: =+CONCATENATE($K98,"",S98,": ",$C98) -> Opg.7: Terrænregulering | BQ98: =+VLOOKUP($R98,$U$84:$AA$117,$V$82,FALSE) -> 13.280419 | BS98: =+CONCATENATE("#",R98,": ",VLOOKUP($R98,$U$84:$AA$117,$AA$82,FALSE)) -> #15: Opg.3: Landskab
C99: =+C42 -> Perimetersikring | D99: =+H42 -> 2.1 | E99: =+D99*Budget_Factor -> 2.3634644 | F99: =+D99*TF_Total*Budget_Factor -> 3.107274 | H99: 1 | I99: 1 | J99: =+F99*H99 -> 3.107274 | K99: =+$K$84 -> Opg. | Q99: 1 | R99: =+R98+1 -> 16 | S99: =+SUM(INDIRECT("q92:q"&ROW()-0)) -> 8 | T99: =+(IF($H$81=1,D99,0)+IF($H$81=2,E99,0)+IF($H$81=3,F99,0))+R99*deltaId_Budget -> 2.3633044 | U99: =+RANK(T99,T$84:T$116,0) -> 27 | V99: =+(IF($H$81=1,D99,0)+IF($H$81=2,E99,0)+IF($H$81=3,F99,0))*IF($H$81=3,I99,1) -> 2.3634644 | Z99: =+$BC$11 -> 1.032715 | AA99: =+CONCATENATE($K99,"",S99,": ",$C99) -> Opg.8: Perimetersikring | BQ99: =+VLOOKUP($R99,$U$84:$AA$117,$V$82,FALSE) -> 12.380052 | BS99: =+CONCATENATE("#",R99,": ",VLOOKUP($R99,$U$84:$AA$117,$AA$82,FALSE)) -> #16: G.U.3: Politisk indf.
C100: =+C43 -> Byggetilladelse | D100: =+H43 -> 1.08 | E100: =+D100*Budget_Factor -> 1.215496 | F100: =+D100*TF_Total*Budget_Factor -> 1.5980266 | H100: 1 | I100: 1 | J100: =+F100*H100 -> 1.5980266 | K100: =+$K$84 -> Opg. | Q100: 1 | R100: =+R99+1 -> 17 | S100: =+SUM(INDIRECT("q92:q"&ROW()-0)) -> 9 | T100: =+(IF($H$81=1,D100,0)+IF($H$81=2,E100,0)+IF($H$81=3,F100,0))+R100*deltaId_Budget -> 1.215326 | U100: =+RANK(T100,T$84:T$116,0) -> 31 | V100: =+(IF($H$81=1,D100,0)+IF($H$81=2,E100,0)+IF($H$81=3,F100,0))*IF($H$81=3,I100,1) -> 1.215496 | Z100: =+$BC$11 -> 1.032715 | AA100: =+CONCATENATE($K100,"",S100,": ",$C100) -> Opg.9: Byggetilladelse | BQ100: =+VLOOKUP($R100,$U$84:$AA$117,$V$82,FALSE) -> 11.479684 | BS100: =+CONCATENATE("#",R100,": ",VLOOKUP($R100,$U$84:$AA$117,$AA$82,FALSE)) -> #17: Opg.6: Lukning
C101: =+C44 -> Forsikringer | D101: =+H44 -> 1 | E101: =+D101*Budget_Factor -> 1.1254593 | F101: =+D101*TF_Total*Budget_Factor -> 1.4796543 | H101: 1 | I101: 1 | J101: =+F101*H101 -> 1.4796543 | K101: =+$K$84 -> Opg. | Q101: 1 | R101: =+R100+1 -> 18 | S101: =+SUM(INDIRECT("q92:q"&ROW()-0)) -> 10 | T101: =+(IF($H$81=1,D101,0)+IF($H$81=2,E101,0)+IF($H$81=3,F101,0))+R101*deltaId_Budget -> 1.1252793 | U101: =+RANK(T101,T$84:T$116,0) -> 32 | V101: =+(IF($H$81=1,D101,0)+IF($H$81=2,E101,0)+IF($H$81=3,F101,0))*IF($H$81=3,I101,1) -> 1.1254593 | Z101: =+$BC$11 -> 1.032715 | AA101: =+CONCATENATE($K101,"",S101,": ",$C101) -> Opg.10: Forsikringer | BQ101: =+VLOOKUP($R101,$U$84:$AA$117,$V$82,FALSE) -> 11.254593 | BS101: =+CONCATENATE("#",R101,": ",VLOOKUP($R101,$U$84:$AA$117,$AA$82,FALSE)) -> #18: G.U.2: Analyse kvaliteten
C102: =+C45 -> Finansiering | D102: =+H45 -> 8.0796903 | E102: =+D102*Budget_Factor -> 9.0933622 | F102: =+D102*TF_Total*Budget_Factor -> 11.955148 | H102: 1 | I102: 1 | J102: =+F102*H102 -> 11.955148 | K102: =+$K$84 -> Opg. | Q102: 1 | R102: =+R101+1 -> 19 | S102: =+SUM(INDIRECT("q92:q"&ROW()-0)) -> 11 | T102: =+(IF($H$81=1,D102,0)+IF($H$81=2,E102,0)+IF($H$81=3,F102,0))+R102*deltaId_Budget -> 9.0931722 | U102: =+RANK(T102,T$84:T$116,0) -> 20 | V102: =+(IF($H$81=1,D102,0)+IF($H$81=2,E102,0)+IF($H$81=3,F102,0))*IF($H$81=3,I102,1) -> 9.0933622 | Z102: =+$BC$11 -> 1.032715 | AA102: =+CONCATENATE($K102,"",S102,": ",$C102) -> Opg.11: Finansiering | BQ102: =+VLOOKUP($R102,$U$84:$AA$117,$V$82,FALSE) -> 9.5664037 | BS102: =+CONCATENATE("#",R102,": ",VLOOKUP($R102,$U$84:$AA$117,$AA$82,FALSE)) -> #19: G.U.8: Bygherrens org.
C103: =+C46 -> Andet | D103: =+H46 -> 46 | E103: =+D103*Budget_Factor -> 51.771126 | F103: =+D103*TF_Total*Budget_Factor -> 68.064097 | H103: 1 | I103: 1 | J103: =+F103*H103 -> 68.064097 | K103: =+$K$84 -> Opg. | Q103: 1 | R103: =+R102+1 -> 20 | S103: =+SUM(INDIRECT("q92:q"&ROW()-0)) -> 12 | T103: =+(IF($H$81=1,D103,0)+IF($H$81=2,E103,0)+IF($H$81=3,F103,0))+R103*deltaId_Budget -> 51.770926 | U103: =+RANK(T103,T$84:T$116,0) -> 3 | V103: =+(IF($H$81=1,D103,0)+IF($H$81=2,E103,0)+IF($H$81=3,F103,0))*IF($H$81=3,I103,1) -> 51.771126 | Z103: =+$BC$11 -> 1.032715 | AA103: =+CONCATENATE($K103,"",S103,": ",$C103) -> Opg.12: Andet | BQ103: =+VLOOKUP($R103,$U$84:$AA$117,$V$82,FALSE) -> 9.0933622 | BS103: =+CONCATENATE("#",R103,": ",VLOOKUP($R103,$U$84:$AA$117,$AA$82,FALSE)) -> #20: Opg.11: Finansiering
C104: =+C50 -> UF'ere (Unk Unks) | D104: =+H50 -> 11.96 | E104: =+D104*Budget_Factor -> 13.460493 | F104: =+D104*TF_Total*Budget_Factor -> 17.696665 | H104: 1 | I104: 1 | J104: =+F104*H104 -> 17.696665 | K104: =+$K$84 -> Opg. | Q104: 1 | R104: =+R103+1 -> 21 | S104: =+SUM(INDIRECT("q92:q"&ROW()-0)) -> 13 | T104: =+(IF($H$81=1,D104,0)+IF($H$81=2,E104,0)+IF($H$81=3,F104,0))+R104*deltaId_Budget -> 13.460283 | U104: =+RANK(T104,T$84:T$116,0) -> 14 | V104: =+(IF($H$81=1,D104,0)+IF($H$81=2,E104,0)+IF($H$81=3,F104,0))*IF($H$81=3,I104,1) -> 13.460493 | Z104: =+$BC$11 -> 1.032715 | AA104: =+CONCATENATE($K104,"",S104,": ",$C104) -> Opg.13: UF'ere (Unk Unks) | BQ104: =+VLOOKUP($R104,$U$84:$AA$117,$V$82,FALSE) -> 7.5478925 | BS104: =+CONCATENATE("#",R104,": ",VLOOKUP($R104,$U$84:$AA$117,$AA$82,FALSE)) -> #21: Opg.1: Rådgivning
B105: =+C10 -> Generelle Usikkerheder | C105: =+C11 -> Kontraktstrategi | D105: =+H11 -> 14 | E105: =+D105*Budget_Factor -> 15.75643 | F105: 0 | H105: 1 | I105: 0 | J105: =+F105*H105 -> 0 | K105: G.U. | Q105: 1 | R105: =+R104+1 -> 22 | S105: =+SUM(INDIRECT("q115:q"&ROW()-0)) -> 11 | T105: =+(IF($H$81=1,D105,0)+IF($H$81=2,E105,0)+IF($H$81=3,F105,0))+R105*deltaId_Budget -> 15.75621 | U105: =+RANK(T105,T$84:T$116,0) -> 11 | V105: =+(IF($H$81=1,D105,0)+IF($H$81=2,E105,0)+IF($H$81=3,F105,0))*IF($H$81=3,I105,1) -> 15.75643 | Z105: =+$BC$11 -> 1.032715 | AA105: =+CONCATENATE($K105,"",S105,": ",$C105) -> G.U.11: Kontraktstrategi
C106: =+C12 -> Grænseflader | D106: =+H12 -> 5 | E106: =+D106*Budget_Factor -> 5.6272963 | F106: 0 | H106: 1 | I106: 0 | J106: =+F106*H106 -> 0 | K106: =+$K$105 -> G.U. | Q106: 1 | R106: =+R105+1 -> 23 | S106: =+SUM(INDIRECT("q115:q"&ROW()-0)) -> 10 | T106: =+(IF($H$81=1,D106,0)+IF($H$81=2,E106,0)+IF($H$81=3,F106,0))+R106*deltaId_Budget -> 5.6270663 | U106: =+RANK(T106,T$84:T$116,0) -> 23 | V106: =+(IF($H$81=1,D106,0)+IF($H$81=2,E106,0)+IF($H$81=3,F106,0))*IF($H$81=3,I106,1) -> 5.6272963 | Z106: =+$BC$11 -> 1.032715 | AA106: =+CONCATENATE($K106,"",S106,": ",$C106) -> G.U.10: Grænseflader
C107: =+C13 -> Kompet. & Erfa. niveau | D107: =+H13 -> 14 | E107: =+D107*Budget_Factor -> 15.75643 | F107: 0 | H107: 1 | I107: 0 | J107: =+F107*H107 -> 0 | K107: =+$K$105 -> G.U. | Q107: 1 | R107: =+R106+1 -> 24 | S107: =+SUM(INDIRECT("q115:q"&ROW()-0)) -> 9 | T107: =+(IF($H$81=1,D107,0)+IF($H$81=2,E107,0)+IF($H$81=3,F107,0))+R107*deltaId_Budget -> 15.75619 | U107: =+RANK(T107,T$84:T$116,0) -> 12 | V107: =+(IF($H$81=1,D107,0)+IF($H$81=2,E107,0)+IF($H$81=3,F107,0))*IF($H$81=3,I107,1) -> 15.75643 | Z107: =+$BC$11 -> 1.032715 | AA107: =+CONCATENATE($K107,"",S107,": ",$C107) -> G.U.9: Kompet. & Erfa. niveau
C108: =+C14 -> Bygherrens org. | D108: =+H14 -> 8.5 | E108: =+D108*Budget_Factor -> 9.5664037 | F108: 0 | H108: 1 | I108: 0 | J108: =+F108*H108 -> 0 | K108: =+$K$105 -> G.U. | Q108: 1 | R108: =+R107+1 -> 25 | S108: =+SUM(INDIRECT("q115:q"&ROW()-0)) -> 8 | T108: =+(IF($H$81=1,D108,0)+IF($H$81=2,E108,0)+IF($H$81=3,F108,0))+R108*deltaId_Budget -> 9.5661537 | U108: =+RANK(T108,T$84:T$116,0) -> 19 | V108: =+(IF($H$81=1,D108,0)+IF($H$81=2,E108,0)+IF($H$81=3,F108,0))*IF($H$81=3,I108,1) -> 9.5664037 | Z108: =+$BC$11 -> 1.032715 | AA108: =+CONCATENATE($K108,"",S108,": ",$C108) -> G.U.8: Bygherrens org.
C109: =+C15 -> Projekt Org. | D109: =+H15 -> -4 | E109: =+D109*Budget_Factor -> -4.501837 | F109: 0 | H109: 1 | I109: 0 | J109: =+F109*H109 -> 0 | K109: =+$K$105 -> G.U. | Q109: 1 | R109: =+R108+1 -> 26 | S109: =+SUM(INDIRECT("q115:q"&ROW()-0)) -> 7 | T109: =+(IF($H$81=1,D109,0)+IF($H$81=2,E109,0)+IF($H$81=3,F109,0))+R109*deltaId_Budget -> -4.502097 | U109: =+RANK(T109,T$84:T$116,0) -> 33 | V109: =+(IF($H$81=1,D109,0)+IF($H$81=2,E109,0)+IF($H$81=3,F109,0))*IF($H$81=3,I109,1) -> -4.501837 | Z109: =+$BC$11 -> 1.032715 | AA109: =+CONCATENATE($K109,"",S109,": ",$C109) -> G.U.7: Projekt Org.
...

Sheet CurveData
F1: X2 | G1: Y2 | H1: X3 | I1: Y3 | K1: X5 | L1: Y5 | M1: X5 | N1: Y5 | P1: X6 | Q1: Y6 | R1: X7 | S1: Y7
C2: =Data!$J$73 -> 1.0364334 | F2: =GrandTotal -> 503.39029 | G2: 0 | H2: 0 | I2: 0.5 | K2: 0 | L2: =+$L$3 -> 0.85 | M2: =+$K$3 -> 566.54526 | N2: 0 | P2: 0 | Q2: =+Data!$D$76 -> 0.95 | R2: =+$P$3 -> 603.61929 | S2: 0
B3: -3 | D3: S-min | F3: =GrandTotal -> 503.39029 | G3: 0.5 | H3: =+F2 -> 503.39029 | I3: 0.5 | K3: =+_xlfn.NORM.INV($L$2,GrandTotal,GrandTotal_StDev) -> 566.54526 | L3: =Data!$D$73 -> 0.85 | M3: =+$K$3 -> 566.54526 | N3: =+$L$3 -> 0.85 | P3: =+_xlfn.NORM.INV($Q$2,GrandTotal,GrandTotal_StDev) -> 603.61929 | Q3: =+Q2 -> 0.95 | R3: =+R2 -> 603.61929 | S3: =+$Q$3 -> 0.95
B4: 0.5 | D4: dS | K4: Procentuel afvigelse
B5: =+GrandTotal_StDev -> 60.934906 | D5: "GrandTotal_StDev" | F5: "+NORMFORDELING(x;middelværdi;standardafv,kumulativ)
A7: Search probability | C7: =+Data!$J$73+0.00001 -> 1.0364434 | D7: =+_xlfn.NORM.DIST(C7,0,1,TRUE) -> 0.85000233 | F7: For no of standard deviation according to robust budget | P7: =Data!$D$76 -> 0.95
K8: 0.85 | L8: =+_xlfn.NORM.INV($K$8,GrandTotal,GrandTotal_StDev) -> 566.54526
A9: =+A7 -> Search probability | C9: 2.50001 | D9: =+_xlfn.NORM.DIST(C9,0,1,TRUE) -> 0.99379051 | K9: 0.5 | L9: =+_xlfn.NORM.INV($K$9,GrandTotal,GrandTotal_StDev) -> 503.39029
A10: =+A7 -> Search probability | C10: -2.49999 | D10: =+_xlfn.NORM.DIST(C10,0,1,TRUE) -> 0.0062098406 | K10: Usikkerhed= | L10: =+IFERROR((L8-L9)/L9,0%) -> 0.12545926
A11: Confidence interval | C11: =+C9-C10 -> 5 | D11: =+D9-D10 -> 0.98758067
A13: Seak Nul point
B14: *Stdev | D14: X-Serie1 | E14: No. | F14: Y-Serie1 | G14: X-Serie1 | H14: No.
B15: =+B3 -> -3 | C15: =+IF(ABS(B15)>0.001,B15,0) -> -3 | D15: =+GrandTotal+C15*GrandTotal_StDev -> 320.58557 | E15: 1 | F15: =+NORMDIST($D15,GrandTotal,GrandTotal_StDev,TRUE) -> 0.001349898 | G15: =+D15 -> 320.58557 | H15: 1
B16: =+B15+$B$4 -> -2.5 | C16: =+IF(ABS(B16)>0.001,B16,0) -> -2.5 | D16: =+GrandTotal+C16*GrandTotal_StDev -> 351.05303 | E16: =+E15+1 -> 2 | F16: =+NORMDIST($D16,GrandTotal,GrandTotal_StDev,TRUE) -> 0.0062096653 | G16: =+D16 -> 351.05303 | H16: =+H15+1 -> 2
B17: =+B16+$B$4 -> -2 | C17: =+IF(ABS(B17)>0.001,B17,0) -> -2 | D17: =+GrandTotal+C17*GrandTotal_StDev -> 381.52048 | E17: =+E16+1 -> 3 | F17: =+NORMDIST($D17,GrandTotal,GrandTotal_StDev,TRUE) -> 0.022750132 | G17: =+D17 -> 381.52048 | H17: =+H16+1 -> 3
B18: =+B17+$B$4 -> -1.5 | C18: =+IF(ABS(B18)>0.001,B18,0) -> -1.5 | D18: =+GrandTotal+C18*GrandTotal_StDev -> 411.98793 | E18: =+E17+1 -> 4 | F18: =+NORMDIST($D18,GrandTotal,GrandTotal_StDev,TRUE) -> 0.066807201 | G18: =+D18 -> 411.98793 | H18: =+H17+1 -> 4
B19: =+B18+$B$4 -> -1 | C19: =+IF(ABS(B19)>0.001,B19,0) -> -1 | D19: =+GrandTotal+C19*GrandTotal_StDev -> 442.45538 | E19: =+E18+1 -> 5 | F19: =+NORMDIST($D19,GrandTotal,GrandTotal_StDev,TRUE) -> 0.15865525 | G19: =+D19 -> 442.45538 | H19: =+H18+1 -> 5
B20: =+B19+$B$4 -> -0.5 | C20: =+IF(ABS(B20)>0.001,B20,0) -> -0.5 | D20: =+GrandTotal+C20*GrandTotal_StDev -> 472.92284 | E20: =+E19+1 -> 6 | F20: =+NORMDIST($D20,GrandTotal,GrandTotal_StDev,TRUE) -> 0.30853754 | G20: =+D20 -> 472.92284 | H20: =+H19+1 -> 6
B21: =+B20+$B$4 -> 0 | C21: =+IF(ABS(B21)>0.001,B21,0) -> 0 | D21: =+GrandTotal+C21*GrandTotal_StDev -> 503.39029 | E21: =+E20+1 -> 7 | F21: =+NORMDIST($D21,GrandTotal,GrandTotal_StDev,TRUE) -> 0.5 | G21: =+D21 -> 503.39029 | H21: =+H20+1 -> 7
B22: =+B21+$B$4 -> 0.5 | C22: =+IF(ABS(B22)>0.001,B22,0) -> 0.5 | D22: =+GrandTotal+C22*GrandTotal_StDev -> 533.85774 | E22: =+E21+1 -> 8 | F22: =+NORMDIST($D22,GrandTotal,GrandTotal_StDev,TRUE) -> 0.69146246 | G22: =+D22 -> 533.85774 | H22: =+H21+1 -> 8
B23: =+B22+$B$4 -> 1 | C23: =+IF(ABS(B23)>0.001,B23,0) -> 1 | D23: =+GrandTotal+C23*GrandTotal_StDev -> 564.3252 | E23: =+E22+1 -> 9 | F23: =+NORMDIST($D23,GrandTotal,GrandTotal_StDev,TRUE) -> 0.84134475 | G23: =+D23 -> 564.3252 | H23: =+H22+1 -> 9
B24: =+B23+$B$4 -> 1.5 | C24: =+IF(ABS(B24)>0.001,B24,0) -> 1.5 | D24: =+GrandTotal+C24*GrandTotal_StDev -> 594.79265 | E24: =+E23+1 -> 10 | F24: =+NORMDIST($D24,GrandTotal,GrandTotal_StDev,TRUE) -> 0.9331928 | G24: =+D24 -> 594.79265 | H24: =+H23+1 -> 10
B25: =+B24+$B$4 -> 2 | C25: =+IF(ABS(B25)>0.001,B25,0) -> 2 | D25: =+GrandTotal+C25*GrandTotal_StDev -> 625.2601 | E25: =+E24+1 -> 11 | F25: =+NORMDIST($D25,GrandTotal,GrandTotal_StDev,TRUE) -> 0.97724987 | G25: =+D25 -> 625.2601 | H25: =+H24+1 -> 11
B26: =+B25+$B$4 -> 2.5 | C26: =+IF(ABS(B26)>0.001,B26,0) -> 2.5 | D26: =+GrandTotal+C26*GrandTotal_StDev -> 655.72756 | E26: =+E25+1 -> 12 | F26: =+NORMDIST($D26,GrandTotal,GrandTotal_StDev,TRUE) -> 0.99379033 | G26: =+D26 -> 655.72756 | H26: =+H25+1 -> 12
B27: =+B26+$B$4 -> 3 | C27: =+IF(ABS(B27)>0.001,B27,0) -> 3 | D27: =+GrandTotal+C27*GrandTotal_StDev -> 686.19501 | E27: =+E26+1 -> 13 | F27: =+NORMDIST($D27,GrandTotal,GrandTotal_StDev,TRUE) -> 0.9986501 | G27: =+D27 -> 686.19501 | H27: =+H26+1 -> 13

Sheet Plotdata

Sheet Top10EstB
